Workbook
Name \0: #REF!
Name \0: #REF!
Name \00: #REF!
Name \00: #REF!
Name \a: #REF!
Name \a: #REF!
Name \AA: #REF!
Name \b: #REF!
Name \bb: #REF!
Name \c: #REF!
Name \e: '[1]APU PVC'!#REF!
Name \EE: #REF!
Name \eliminar: [2]RESUM96!#REF!
Name \eliminar1: [2]RESUM96!#REF!
Name \G: #REF!
Name \i: #REF!
Name \i: #REF!
Name \i: #REF!
Name \k: #REF!
Name \L: #REF!
Name \L: #REF!
Name \m: #REF!
Name \m: #REF!
Name \ñ: #REF!
Name \P: #REF!
Name \q: #REF!
Name \r: #REF!
Name \r: '[1]APU PVC'!#REF!
Name \s: #REF!
Name \s: #REF!
Name \s: #REF!
Name \t: #REF!
Name \t: #REF!
Name \V: #REF!
Name \x: #REF!
Name \x: #REF!
Name \x: #REF!
Name \y: #REF!
Name \y: #REF!
Name \z: #REF!
Name \z: #REF!
Name _: #REF!
Name _: #REF!
Name _________________________________________________AFC1: [3]INV!$A$25:$D$28
Name _________________________________________________AFC3: [3]INV!$F$25:$I$28
Name _________________________________________________AFC5: [3]INV!$K$25:$N$28
Name _________________________________________________BGC1: [3]INV!$A$5:$D$8
Name _________________________________________________BGC3: [3]INV!$F$5:$I$8
Name _________________________________________________BGC5: [3]INV!$K$5:$N$8
Name _________________________________________________CAC1: [3]INV!$A$19:$D$22
Name _________________________________________________CAC3: [3]INV!$F$19:$I$22
Name _________________________________________________CAC5: [3]INV!$K$19:$N$22
Name _________________________________________________i1: #REF!
Name _________________________________________________i1: #REF!
Name _________________________________________________i1: #REF!
Name _________________________________________________SBC1: [3]INV!$A$12:$D$15
Name _________________________________________________SBC3: [3]INV!$F$12:$I$15
Name _________________________________________________SBC5: [3]INV!$K$12:$N$15
Name ________________________________________________AFC1: [3]INV!$A$25:$D$28
Name ________________________________________________AFC3: [3]INV!$F$25:$I$28

Sheet presupuesto completo 
B1: DEPARTAMENTO DE ANTIOQUIA MUNICIPIO DE CAUCASIA NIT: 890906445 - 2 | E1: Código: D-A- A4-01
E2: Versión: 2
E3: Fecha de Aprobación 29 de Diciembre de 2017
A5: SECRETARIA DE PLANEACION Y OBRAS PUBLICAS
A6: PRESUPUESTO DE OBRA
A7: OBJETO:
A8: MEJORAMIENTO Y CAMBIO DE CUBIERTA EN AULA DE LA INSTITUCIÓN EDUCATIVA LICEO CONCEJO MUNICIPAL DE CAUCASUA ANTIOQUIA.
A9: ITEM | B9: DESCRIPCION | C9: UND | D9: CANT | E9: VR. UNITARIO | F9: VALOR PARCIAL
A10: 1.0 | B10: PRELIMINARES
A11: 1.1 | B11: Desmonte de cubierta existente en teja de barro y tablilla, incluye disposción final de estás. | C11: M2 | D11: =10*11 -> 110 | E11: =+APU!I40 -> 17241.375 | F11: =D11*E11 -> 1896551.2
A12: 2.0 | B12: CUBIERTA
A13: 2.1 | B13: Suministro, transporte e instalación de cubierta en ESTRUCTURA METALICA (Perfil C 160 x 60 x 2.0mm x 6m para cuerda superior e inferior para cuerda superior e inferior), cubierta en termoacustica en calibre 2,5mm COLOR BLANCO. | C13: M2 | D13: =10*11 -> 110 | E13: =APU!I247 -> 112179 | F13: =D13*E13 -> 12339690
A14: 3.0 | B14: INSTALACIONES ELECTRICAS
A15: 3.1 | B15: Mantenimiento de red electrica existente. Incluye cambio de cableado en mal estado e instalacion de tuberia MT. | C15: UND | D15: 1 | E15: =APU!I461 -> 6896300 | F15: =D15*E15 -> 6896300
A16: 3.2 | B16: Suministro e instalación de ventilador tipo industrial Alteza o similar | C16: UND | D16: 4 | E16: 550800 | F16: =D16*E16 -> 2203200
A17: 4.0 | B17: PINTURA Y VENTANERIA
A18: 4.1 | B18: Aplicación de PINTURA VINILO TIPO KORAZA o similar, para exteriores e interiores, tres manos o las necesarias hasta obtener una superficie pareja y homogénea. Incluye suministro y transporte de los materiales, resanes y humedades. | C18: M2 | D18: =(11*2*3.5)+(10*2*3.5) -> 147 | E18: =APU!I723 -> 22701.722 | F18: =D18*E18 -> 3337153.1
A19: 4.2 | B19: Mantenimiento en marco metalico y cambio de vidrio de ventanas. | C19: M2 | D19: =((1.6*1.2)+(1.2*3*2.5)) -> 10.92 | E19: =APU!I771 -> 18196 | F19: =D19*E19 -> 198700.32
A20: VALOR COSTOS DIRECTOS | F20: =F13+F11+F15+F16+F18+F19 -> 26871595 | H20: 72714912
A21: ADMINISTRACIÓN | E21: =+AU!D43 -> 0.2978578 | F21: =ROUND(F20*E21,0) -> 8003914 | H21: 21814474
A22: UTILIDAD | E22: =+AU!D44 -> 0.05 | F22: =ROUND(F20*E22,0) -> 1343580 | H22: 3635746 | I22: =F21+F22 -> 9347494
A23: VALOR TOTAL OBRA | F23: =SUM(F20:F22) -> 36219089 | H23: 98165132 | I23: =F20+I22 -> 36219089
B29: STEFANY BOHORQUEZ PEREZ
B30: Secretaria de Planeacion
B31: NOMBRE | C31: CARGO | E31: FIRMA
A32: PROYECTO: | B32: JEFFERSON CAMILO PRECIADO | C32: Contratista, apoyo obras publicas
A33: REVISO: | B33: OSCAR SANTANA MAZO | C33: Apoyo tecnico a la supervision de obras publicas
A34: Los de arriba firmante hemos declarado que revisamos el documento y lo encontramos ajustado a las normas y disposiciones legales vigentes y por lo tanto, bajo nuestra responsabilidad lo presentamos para la firma.

Sheet PRESUPUESTO DEF
B1: DEPARTAMENTO DE ANTIOQUIA MUNICIPIO DE CAUCASIA NIT: 890906445 - 2 | E1: Código: D-A- A4-01
E2: Versión: 2
E3: Fecha de Aprobación 29 de Diciembre de 2017
A5: SECRETARIA DE PLANEACION Y OBRAS PUBLICAS
A6: PRESUPUESTO DE OBRA
A7: OBJETO:
A8: CONTRATO INTERADMINISTRATIVO PARA LA ADECUCACION DE LA CIUDADELA EDUCATIVA PANZENU DEL MUNICIPIO DE CAUCASIA DEPARTAMENTO DE ANTIOQUIA
A9: ITEM | B9: DESCRIPCION | C9: UND | D9: CANT | E9: VR. UNITARIO | F9: VALOR PARCIAL
A10: 1.0 | B10: PRELIMINARES | F10: =SUM(F11:F14) -> 9131245.4
A11: 1.1 | B11: Suministro e Instalación de CERRAMIENTO PROVISIONAL en tela verde con una altura de 2,1 m. y estructura en larguero común. Incluye suministro, transporte, instalación y desmonte de la tela , excavación manual en cualquier material y todos los demás elementos necesarios para su correcta instalación. | C11: ML | D11: 300 | E11: =APU!I48 -> 17241 | F11: =D11*E11 -> 5172300
A12: 1.2 | B12: RETIRO Y BOTADA DE CANOAS y RUANAS. | C12: ML | D12: 100 | E12: =APU!I96 -> 9191 | F12: =D12*E12 -> 919100
A13: 1.3 | B13: RETIRO Y BOTADA DE BAJANTES Y/O TUBERÍA EXPUESTA en mal estado. | C13: ML | D13: 50 | E13: =APU!I145 -> 5589 | F13: =D13*E13 -> 279450
A14: 1.4 | B14: RETIRO Y BOTADA DE CIELO FALSO, en cualquier material, madera, drywall. Incluye lámina, perfiles, estructura de madera, cargue, transporte y botada de escombros en botaderos oficiales y la recuperación de los materiales aprovechables y/o su transporte hasta la bodega o el sitio que indique la interventoría. | C14: M2 | D14: =D17 -> 214.2 | E14: =APU!I194 -> 12887 | F14: =D14*E14 -> 2760395.4
A15: 2.0 | B15: CUBIERTAS Y CIELOS | F15: =SUM(F16:F19) -> 51790297
A16: 2.1 | B16: Suministro e instalación de CANOA EN LÁMINA GALVANIZADA CALIBRE 20, DLLO HASTA 1.00M. Incluye embudo galvanizado calibre 16 , pintura anticorrosiva, esmalte base aceite y todos los elementos necesarios para su correcta instalación. Se deberá colocar una buena base de apoyo de la canoa en toda su longitud. | C16: ML | D16: 100 | E16: =APU!I247 -> 112179 | F16: =D16*E16 -> 11217900
A17: 2.2 | B17: Suministro e instalación de CIELO FALSO EN PVC. Incluye estructura. | C17: M2 | D17: =428.4/2 -> 214.2 | E17: =APU!I298 -> 168474 | F17: =D17*E17 -> 36087131
A18: 2.3 | B18: Suministro e instalación de TRAGANTE DOBLE DE 3" y/o 4". Incluye wash primer y acabado en el mismo material de la canoa, los accesorios verticales después de la tee o codo de la tubería horizontal de aguas lluvias hasta la canoa. Estos deberán estar correctamente pegados usando limpiador y soldadura apropiados y soldados correctamente a la canoa, sin presentar fugas, fisuras o cualquier otra clase de anomalía. Incluye además las perforaciones (canchas) de paredes o pisos que lo requieran incluyendo cargue y botada de escombros en botaderos. | C18: UND | D18: 6 | E18: =APU!I353 -> 113511 | F18: =D18*E18 -> 681066
A19: 2.4 | B19: Suministro e instalación de TUBERÍA PVC-SANITARIA, COLGADA O EN BAJANTES con un DIÁMETRO DE 3" y/o 4". Incluye suministro de los materiales, bocas, accesorios, pegante, limpiador, wash primer, acabado en esmalte mate, color a definir por parte de interventoría, andamios, abrazaderas y todos los elementos necesarios para su correcta instalación y funcionamiento. | C19: ML | D19: 50 | E19: =APU!I407 -> 76084 | F19: =D19*E19 -> 3804200
A20: 3.0 | B20: INSTALACIONES ELECTRICAS | F20: =SUM(F21:F27) -> 62382416
A21: 3.1 | B21: Mantenimiento de red electrica existente. Incluye cambio de cableado en mal estado e instalacion de tuberia MT. | C21: UND | D21: 1 | E21: =APU!I461 -> 6896300 | F21: =D21*E21 -> 6896300
A22: 3.2 | B22: Suministro e instalacion de aire de 24000 BTU. | C22: UND | D22: 3 | E22: =APU!I514 -> 5099986 | F22: =D22*E22 -> 15299958
A23: 3.3 | B23: Suministro e instalacion de aire de 12000 BTU. | C23: UND | D23: 6 | E23: =APU!I567 -> 3404723 | F23: =D23*E23 -> 20428338
A24: 3.4 | B24: Suministro e instalacion de Bomba hidroflow. Incluye todo lo necesario para su correcta instalacion. | C24: UND | D24: 1 | E24: =APU!I620 -> 2187232 | F24: =D24*E24 -> 2187232
A25: 3.5 | B25: Suministro e instalación de ventilador tipo industrial Alteza o similar | C25: UND | D25: 15 | E25: 750000 | F25: =D25*E25 -> 11250000
A26: 3.6 | B26: Suministro e instalacion de reflector led de 200w uso exterior. Incluye fotocelda | C26: UND | D26: 6 | E26: =APU!I673 -> 430098 | F26: =D26*E26 -> 2580588
A27: 3.7 | B27: Suministro e instalacion de cable encauchetado N°12 con para sistema de iluminacion exterior | C27: Ml | D27: 200 | E27: 18700 | F27: =D27*E27 -> 3740000
A28: 4.0 | B28: REVOQUE Y PINTURA | F28: =SUM(F29:F31) -> 1.139447e+08
A29: 4.1 | B29: Aplicación de PINTURA VINILO TIPO KORAZA o similar, para exteriores e interiores, tres manos o las necesarias hasta obtener una superficie pareja y homogénea. Incluye suministro y transporte de los materiales, resanes y humedades. | C29: M2 | D29: 3215.68 | E29: =APU!I723 -> 22701.722 | F29: =D29*E29 -> 73001472
A30: 4.2 | B30: Suministro y aplicación de estuco plastico sobre muros interiores y exteriores tipo estucor de corona o similar x 3 manos, incluye lijado de la superficie y demas elementos necesarios para su correcta aplicación. | C30: M2 | D30: 1700 | E30: =APU!I763 -> 18195.9 | F30: =D30*E30 -> 30933030
A31: 4.3 | B31: Suministro e instalacion de impermeabilizante para losas | C31: M2 | D31: 250 | E31: =APU!I820 -> 40040.777 | F31: =D31*E31 -> 10010194
A32: VALOR COSTOS DIRECTOS | F32: =F28+F20+F15+F10 -> 2.3724865e+08
A33: ADMINISTRACIÓN | E33: 0.3 | F33: =ROUND(F32*E33,0) -> 71174597
A34: UTILIDAD | E34: =+AU!D44 -> 0.05 | F34: =ROUND(F32*E34,0) -> 11862433
A35: PGIO | F35: =PGIO!H38 -> 10868361
A36: VALOR CONTRATO DE OBRA | F36: =SUM(F32:F35) -> 3.3115405e+08
A37: INTERVENTORIA | E37: =F37/F36 -> 0.056909931 | F37: ='PPTO INTERVENTORIA'!G35 -> 18845954
A38: VALOR TOTAL DEL PROYECTO | F38: =F36+F37 -> 3.5e+08
B45: ='PPTO INTERVENTORIA'!A40 -> MANUEL ANGEL MUÑOZ PEREZ
B46: ='PPTO INTERVENTORIA'!A41 -> DIRECTOR DE OBRAS PUBLICAS
B47: NOMBRE | C47: CARGO | E47: FIRMA
A48: PROYECTO: | B48: JEFFERSON CAMILO PRECIADO | C48: Contratista, apoyo obras publicas
A49: REVISO: | B49: =B45 -> MANUEL ANGEL MUÑOZ PEREZ | C49: =B46 -> DIRECTOR DE OBRAS PUBLICAS
A50: Los de arriba firmante hemos declarado que revisamos el documento y lo encontramos ajustado a las normas y disposiciones legales vigentes y por lo tanto, bajo nuestra responsabilidad lo presentamos para la firma.

Sheet PPTO INTERVENTORIA
A1: PRESUPUESTO INTERVENTORIA
A2: ITEM | B2: DESCRIPCIÓN | C2: CANT | D2: VALOR MENSUAL | E2: DEDIC. % | F2: PLAZO | G2: VALOR PARCIAL
A3: A | B3: COSTOS DIRECTOS DE PERSONAL | G3: =IFERROR(IF(SUM(G15)=0,"",SUM(G14:G14)),"") -> 15836936
A4: 1 | B4: EQUIPO PROFESIONAL | G4: =IFERROR(IF(SUM(G5:G8)=0,"",SUM(G5:G8)),"") -> 7879072.5
A5: 1.2 | B5: =+'[254]FACTOR PRESTACIONAL CAU'!E9 -> ING RESIDENTE INTERVENTORIA | C5: 1 | D5: ='SALARIOS Y PRESTACIONES '!D16 -> 5252715 | E5: 1 | F5: 1.5 | G5: =(IF(C5=0,"",IFERROR(C5*(D5)*E5*F5,""))) -> 7879072.5
A9: 2 | B9: PERSONAL TÉCNICO NO PROFESIONAL DE OBRA -VIÁTICOS | G9: =IFERROR(IF(SUM(G10:G10)=0,"",SUM(G10:G10)),"")
A10: 2.1 | B10: SECRETARIA | C10: 1 | D10: =+'[254]FACTOR PRESTACIONAL CAU'!N12 -> 1750905 | E10: 0 | F10: 0 | G10: =+IF(C10=0,"",IFERROR(C10*(D10)*E10*F10,"")) -> 0
A11: 3 | B11: APLICACIÓN FACTOR MULTIPLICADOR
A12: 3.1 | B12: SUBTOTAL COSTOS DE PERSONAL | G12: =IF(SUM(G9,G4)=0,"",SUM(G9,G4)) -> 7879072.5
A13: 3.2 | B13: FACTOR MULTIPLICADOR | G13: =+'[254]FM INTERVENTORIA'!H32 -> 2.01
A14: 3.3 | B14: VALOR TOTAL COSTOS DE PERSONAL | G14: =+IFERROR(G12*G13,"") -> 15836936
B15: TOTAL COSTOS DIRECTOS DE PERSONAL | G15: =SUM(,G14) -> 15836936
A16: B | B16: OTROS COSTOS DIRECTOS | G16: =+G17+G31+G24 -> 0
A17: 4 | B17: GASTOS DE TRANSPORTE, ALQUILER DE EQUIPO Y OTROS (SE PAGAN CONTRA FACTURA Y RESULTADOS SI APLICA): | G17: =IF(SUM(G18:G23)=0,0,SUM(G18:G23)) -> 0
A18: 4.1 | B18: PAPELERÍA | C18: 1 | D18: =+'[255]INSUMOS CAUCASIA'!D100 -> 120718.38 | F18: 0 | G18: =(IFERROR(C18*D18*F18,"")) -> 0
A19: 4.2 | B19: COMUNICACIONES (TELÉFONO, FAX, CELULAR, INTERNET, ETC.) MENSUAL EN CAMPO | C19: 1 | D19: =+'[255]INSUMOS CAUCASIA'!D101 -> 120000 | F19: 0 | G19: =(IFERROR(C19*D19*F19,"")) -> 0
A20: 4.3 | B20: TARIFA PUESTO DE TRABAJO DEL PERSONAL DE OFICINA DE CAMPO, INCLUYE: ALQUILER DE UN (1) EQUIPO DE COMPUTO COMPLETO, ESCRITORIO, SILLA Y OTROS ENSERES DE OFICINA POR PUESTO DE TRABAJO | C20: 1 | D20: =+'[255]INSUMOS CAUCASIA'!D96 -> 100000 | F20: 0 | G20: =(IFERROR(C20*D20*F20,"")) -> 0
A21: 4.4 | B21: IMPRESORA EN OBRA (ALQUILER) | C21: 1 | D21: =+'[255]INSUMOS CAUCASIA'!D99 -> 75000 | F21: =+F20 -> 0 | G21: =(IFERROR(C21*D21*F21,"")) -> 0
A22: 4.5 | B22: TARIFA TELEFONIA MOVIL PLAN DE TELECOMUNICACIONES | C22: 1 | D22: =+'[255]INSUMOS CAUCASIA'!D113 -> 65000 | F22: =+F20 -> 0 | G22: =(IFERROR(C22*D22*F22,"")) -> 0
A23: 4.6 | B23: ARRIENDO OFICINA DE CAMPO + DOTACIÓN + SERVICIOS PUBLICOS | C23: 1 | D23: =+'[255]INSUMOS CAUCASIA'!D104 -> 450000 | F23: 0 | G23: =(IFERROR(C23*D23*F23,"")) -> 0
A24: 5 | B24: ENSAYOS DE LABORATORIO | G24: =IF(SUM(G25:G30)=0,0,SUM(G25:G30)) -> 0
A25: 5.1 | B25: Determinación del contenido de humedad natural | C25: 0 | D25: =+'[254]INSUMOS CAUCASIA'!D128 -> 20000 | G25: =(IFERROR(C25*D25,"")) -> 0 | H25: 7594000
A26: 5.2 | B26: Granulometría por tamizado con lavado sobre tamiz No 200 | C26: 0 | D26: =+'[254]INSUMOS CAUCASIA'!D129 -> 110000 | G26: =(IFERROR(C26*D26,"")) -> 0
A27: 5.3 | B27: Determinación del límite líquido, límite plástico e índice de plasticidad de suelos | C27: 0 | D27: =+'[254]INSUMOS CAUCASIA'!D130 -> 60000 | G27: =(IFERROR(C27*D27,"")) -> 0
A28: 5.4 | B28: Relaciones de humedad - masa unitaria seca en los suelos (ensayo modificado de compactación - Proctor Modificado) con corrección del peso unitario y contenido de agua | C28: 0 | D28: =+'[254]INSUMOS CAUCASIA'!D131 -> 180000 | G28: =(IFERROR(C28*D28,"")) -> 0
A29: 5.5 | B29: Densidad de compactación del suelo en campo, método del cono de arena | C29: 0 | D29: =+'[254]INSUMOS CAUCASIA'!D132 -> 70000 | G29: =(IFERROR(C29*D29,"")) -> 0
A30: 5.6 | B30: Resistencia a la compresión de cilindros de concreto (método normal) | C30: 0 | D30: =+'[254]INSUMOS CAUCASIA'!D133 -> 17000 | G30: =(IFERROR(C30*D30,"")) -> 0
A31: 6 | B31: OTROS COSTOS (SE PAGAN CONTRA FACTURA Y RESULTADOS SI APLICA): | G31: =IF(SUM(G32:G32)=0,0,SUM(G32:G32)) -> 0
A33: VALOR BÁSICO TOTAL (A+B) | G33: =IFERROR(IF(SUM(G16,G3)=0,"",ROUND(SUM(G16,G3),0)),"") -> 15836936
A34: IVA | F34: 0.19 | G34: =+IFERROR(ROUND(G33*F34,0),"") -> 3009018
A35: TOTAL INTERVENTORÍA | G35: =IF(G33="","",SUM(G33:G34)) -> 18845954
A40: =+'[254]PRECIOS UNITARIOS'!$B$41 -> MANUEL ANGEL MUÑOZ PEREZ
A41: =+'[254]PRECIOS UNITARIOS'!$B$42 -> DIRECTOR DE OBRAS PUBLICAS
A42: =+'[254]PRECIOS UNITARIOS'!$B$43 -> MUNICIPIO DE CAUCASIA

Sheet APU
A1: DEPARTAMENTO DE ANTIOQUIA MUNICIPIO DE CAUCASIA | F1: ANALISIS DE PRECIOS UNITARIOS
A5: OBJETO : | B5: =Presupuesto!A8 -> ADECUCACION CIUDADELA EDUCATIVA DEL MUNICIPIO DE CAUCASIA DEPARTAMENTO DE ANTIOQUIA
A7: ITEM: | B7: ='PRESUPUESTO DEF'!B11 -> Suministro e Instalación de CERRAMIENTO PROVISIONAL en tela verde con una altura de 2,1 m. y estructura en larguero común. Incluye suministro, transporte, instalación y desmonte de la tela , excavación manual en cualquier material y todos los demás elementos necesarios para su correcta instalación.
A8: ='presupuesto completo '!A11 -> 1.1
H9: UNIDAD: | I9: ='PRESUPUESTO DEF'!C11 -> ML
A10: I. EQUIPO
A11: DESCRIPCIÓN | F11: CANT | G11: Vr. / DIA | H11: REND. | I11: V-UNIT.
A12: Herramienta menor | I12: =ROUND(I38*0.05,) -> 279
L14: CON LINE DE VIDA Y ESLINGA | O14: 24000
O15: 4000 | P15: COMICILIO 10000
H16: SUB-TOTAL | I16: =SUM(I12:I15) -> 279
A17: II. MATERIALES EN OBRA
A18: DESCRIPCIÓN | F18: UN. | G18: P-UNIT. | H18: CANT. | I18: V-UNIT.
A19: Tela cerramiento obra verde, ancho: 2.10 m. Incluye transporte externo e interno. | F19: m | G19: 2800 | H19: 1.05 | I19: =G19*H19 -> 2940
A20: Taco redondo de madera de 3.0m x 2.89m | F20: un | G20: 4050 | H20: 1 | I20: =G20*H20 -> 4050
A21: Clavo común de 1". Caja x 500gr. | F21: lb | G21: 5512 | H21: 0.04 | I21: =G21*H21 -> 220.48
A22: Listón madera común de 2"x1" | F22: un | G22: 5000 | H22: 0.5 | I22: =G22*H22 -> 2500
A23: Alambre recocido C 18 | F23: kg | G23: 7753 | H23: 0.215 | I23: =G23*H23 -> 1666.895
H24: SUB-TOTAL | I24: =SUM(I19:I23) -> 11377.375
A25: III. TRANSPORTES
A26: MATERIAL | E26: Vol (M3) | F26: DIST. | G26: M3-KM | H26: TARIFA | I26: V-UNIT.
A27: Retiro de material sobrante
A28: Transporte
K29: 0.053844193
H31: SUB-TOTAL | I31: =SUM(I27:I30) -> 0 | M31: =+I27/I16 -> 0
A32: IV. MANO DE OBRA
A33: PERSONAL | F33: JORNAL MAS PRESTAC. | H33: REND. | I33: V-UNIT.
A34: =CUADRILLA!B14 -> CUADRILLA 3 | F34: =CUADRILLA!C14 -> 279232.79 | H34: 50 | I34: =ROUND(F34/H34,) -> 5585
H38: SUB-TOTAL | I38: =SUM(I34:I37) -> 5585
F40: TOTAL COSTO DIRECTO | I40: =+I38+I31+I24+I16 -> 17241.375
A41: V. COSTOS INDIRECTOS
A42: DESCRIPCIÓN | H42: % | I42: V-TOTAL
A43: Administración
A44: Utilidad
A45: Imprevistos
H46: SUB-TOTAL
H48: TOTAL | I48: =ROUND((I40+I46),0) -> 17241 | K48: 15828.473
A49: DEPARTAMENTO DE ANTIOQUIA MUNICIPIO DE CAUCASIA | F49: ANALISIS DE PRECIOS UNITARIOS
A53: OBJETO : | B53: =B5 -> ADECUCACION CIUDADELA EDUCATIVA DEL MUNICIPIO DE CAUCASIA DEPARTAMENTO DE ANTIOQUIA
A55: ITEM: | B55: ='PRESUPUESTO DEF'!B12 -> RETIRO Y BOTADA DE CANOAS y RUANAS.
A56: ='PRESUPUESTO DEF'!A12 -> 1.2
H57: UNIDAD: | I57: ='PRESUPUESTO DEF'!C12 -> ML
A58: I. EQUIPO
A59: DESCRIPCIÓN | F59: CANT | G59: Vr. / DIA | H59: REND. | I59: V-UNIT.
A60: Herramienta menor | I60: =ROUND(I86*0.05,) -> 399
A61: Andamio Sección completa (1.4m-1.3m) x 1.5 m. | F61: día | G61: 3250 | H61: 0.04 | I61: =G61*H61 -> 130
A62: Can zunchado en madera común de 5,0cmx20cmx3,0m (alquiler). Incluye transporte. | F62: día | G62: 750 | H62: 0.025 | I62: =G62*H62 -> 18.75 | L62: CON LINE DE VIDA Y ESLINGA | O62: 24000
O63: 4000 | P63: COMICILIO 10000
H64: SUB-TOTAL | I64: =SUM(I60:I63) -> 547.75
A65: II. MATERIALES EN OBRA
A66: DESCRIPCIÓN | F66: UN. | G66: P-UNIT. | H66: CANT. | I66: V-UNIT.
H72: SUB-TOTAL | I72: =SUM(I67:I71) -> 0
A73: III. TRANSPORTES
A74: MATERIAL | E74: Vol (M3) | F74: DIST. | G74: M3-KM | H74: TARIFA | I74: V-UNIT.
A75: ACARREO INTERNO | G75: 0.01 | I75: =G75*I82 -> 79.78
A76: Cargue y botada de escombros | G76: 0.013 | H76: 45000 | I76: =G76*H76 -> 585
K77: 0.053844193
H79: SUB-TOTAL | I79: =SUM(I75:I78) -> 664.78 | M79: =+I75/I64 -> 0.14565039
A80: IV. MANO DE OBRA
A81: PERSONAL | F81: JORNAL MAS PRESTAC. | H81: REND. | I81: V-UNIT.
A82: =CUADRILLA!B14 -> CUADRILLA 3 | F82: =CUADRILLA!C14 -> 279232.79 | H82: 35 | I82: =ROUND(F82/H82,) -> 7978
H86: SUB-TOTAL | I86: =SUM(I82:I85) -> 7978
F88: TOTAL COSTO DIRECTO | I88: =+I86+I79+I72+I64 -> 9190.53
A89: V. COSTOS INDIRECTOS
A90: DESCRIPCIÓN | H90: % | I90: V-TOTAL
A91: Administración
A92: Utilidad
A93: Imprevistos
H94: SUB-TOTAL
H96: TOTAL | I96: =ROUND((I88+I94),0) -> 9191 | K96: 15828.473
A98: DEPARTAMENTO DE ANTIOQUIA MUNICIPIO DE CAUCASIA | F98: ANALISIS DE PRECIOS UNITARIOS
A102: OBJETO : | B102: =B53 -> ADECUCACION CIUDADELA EDUCATIVA DEL MUNICIPIO DE CAUCASIA DEPARTAMENTO DE ANTIOQUIA
A104: ITEM: | B104: ='PRESUPUESTO DEF'!B13 -> RETIRO Y BOTADA DE BAJANTES Y/O TUBERÍA EXPUESTA en mal estado.
A105: ='PRESUPUESTO DEF'!A13 -> 1.3
H106: UNIDAD: | I106: ='PRESUPUESTO DEF'!C13 -> ML
A107: I. EQUIPO
A108: DESCRIPCIÓN | F108: CANT | G108: Vr. / DIA | H108: REND. | I108: V-UNIT.
A109: Herramienta menor | I109: =ROUND(I135*0.05,) -> 254
A110: Andamio Sección completa (1.4m-1.3m) x 1.5 m. | F110: día | G110: 3250 | H110: 0.04 | I110: =G110*H110 -> 130
A111: Can zunchado en madera común de 5,0cmx20cmx3,0m (alquiler). Incluye transporte. | F111: día | G111: 750 | H111: 0.025 | I111: =G111*H111 -> 18.75 | L111: CON LINE DE VIDA Y ESLINGA | O111: 24000
O112: 4000 | P112: COMICILIO 10000
H113: SUB-TOTAL | I113: =SUM(I109:I112) -> 402.75
A114: II. MATERIALES EN OBRA
A115: DESCRIPCIÓN | F115: UN. | G115: P-UNIT. | H115: CANT. | I115: V-UNIT.
H121: SUB-TOTAL | I121: =SUM(I116:I120) -> 0
A122: III. TRANSPORTES
A123: MATERIAL | E123: Vol (M3) | F123: DIST. | G123: M3-KM | H123: TARIFA | I123: V-UNIT.
A124: ACARREO INTERNO | G124: 0.01 | I124: =G124*I131 -> 50.77
A125: Cargue y botada de escombros | G125: 0.0013 | H125: 45000 | I125: =G125*H125 -> 58.5
K126: 0.053844193
H128: SUB-TOTAL | I128: =SUM(I124:I127) -> 109.27 | M128: =+I124/I113 -> 0.12605835
A129: IV. MANO DE OBRA
A130: PERSONAL | F130: JORNAL MAS PRESTAC. | H130: REND. | I130: V-UNIT.
A131: =CUADRILLA!B14 -> CUADRILLA 3 | F131: =CUADRILLA!C14 -> 279232.79 | H131: 55 | I131: =ROUND(F131/H131,) -> 5077
H135: SUB-TOTAL | I135: =SUM(I131:I134) -> 5077
F137: TOTAL COSTO DIRECTO | I137: =+I135+I128+I121+I113 -> 5589.02
A138: V. COSTOS INDIRECTOS
A139: DESCRIPCIÓN | H139: % | I139: V-TOTAL
A140: Administración
A141: Utilidad
...

Sheet PGIO
A1: MUNICIPIO DE CAUCASIA
A2: SECRETARIA DE INFRAESTRUCTURA Y PLANEACIÓN
A3: =+'[254]PRESUPUESTO GENERAL'!A5 -> OBJETO: CONSTRUCCION DE PAVIMENTO RIGIDO EN LA VIA TERCIARIA DEL CORREGIMIENTO DE MARGENTO, ZONA RURAL DEL MUNICIPIO DE CAUCASIA DEPARTAMENTO DE ANTIOQUIA.
A5: PLAN DE GESTION INTEGRAL DE OBRA (PGIO) | J5: “CONSTRUCCION DE PAVIMENTO RIGIDO Y OBRAS COMPLEMENTARIAS EN PAVIMENTO FLEXIBLE EN EL MUNICIPIO DE PLANETA RICA, CÓRDOBA”
A7: DESCRIPCIÓN | E7: UNIDAD | F7: VR. BASE | G7: CANTIDAD | H7: VALOR ($)
A8: 1. IMPLEMETACIÓN PGIO - EJE S&SO
B9: Kit de Emergencias El Kit incluye: extintor de 10 lbs, (2 und), señalización en acrílico de 22 cm x 15 de extintor, camilla rígida, reflectivos y botiquín con elementos necesarios. | E9: UN | F9: 280000 | G9: 2 | H9: =F9*G9 -> 560000 | J9: Se abriran 2 frentes de obra, por lo tanto serequiere para cada uno un kit de emergencia y un kit de señalizacion SST
B10: Kit señalización SST El kit incluye: señal de 15 x 15 cm - uso de EPP, sustancias peligrosas, ruta de evacuación, punto de encuentro, baños. | E10: UN | F10: 120000 | G10: 2 | H10: =F10*G10 -> 240000
B11: Talleres de Capacitación de salud ocupacional al Personal de Obra. Duración: Mínimo 30 minutos. Incluye 40 sillas | E11: Und | F11: 350000 | G11: 3 | H11: =+F11*G11 -> 1050000
A12: TOTAL IMPLEMETACIÓN PGIO - EJE S&SO POR EL TÉRMINO DE EJECUCIÓN | H12: =ROUND(SUM(H8:H11),0) -> 1850000
A13: TOTAL IMPLEMETACIÓN PGIO - EJE S&SO POR EL TÉRMINO DE EJECUCIÓN EN PORCENTAJE DEL COSTO DIRECTO
A15: 2. IMPLEMETACION PGIO - EJE AMBIENTAL
B16: Kit señalización Ambiental El kit incluye: señal de 15 x 15 cm - reciclable, señal de 15 x15 cm- orgánico, señal de 15 x 15 cm - sustancias peligrosas. | E16: UN | F16: 150000 | G16: 2 | H16: =F16*G16 -> 300000 | J16: Se abriran 2 frentes de obra, por lo tanto serequiere para cada uno un un kit de señalizacion Ambiental y un kid antiderrame
B17: Kit antiderrame incluye pala antichispa, barreras de contención, paños oleofilicos, almohadillas absorbentes y desengrasante biodegradable. (1 para el campamento y 2 para los frentes de obras) | E17: UN | F17: 665315.33 | G17: 2 | H17: =F17*G17 -> 1330630.7
B18: Alquiler baño de la zona Alquiler baño existente en la zona | E18: MES | F18: 250000 | G18: =+G11 -> 3 | H18: =F18*G18 -> 750000
B19: Plástico negro A=4m. Para Cubrimiento de Residuos Generados en la obra | E19: ROLLO | F19: 647010 | G19: 1 | H19: =+F19*G19 -> 647010
B20: Talleres de Capacitación Ambiental al Personal de Obra. Duración: Mínimo 30 minutos. Incluye 40 sillas | E20: Und | F20: =+F11 -> 350000 | G20: 3 | H20: =+F20*G20 -> 1050000
B21: Aseo general de obra El kit de aseo consta de pica, pala con mango, escoba, balde plastico 25 lt. | E21: MES | F21: 863573.33 | G21: 3 | H21: =F21*G21 -> 2590720
A23: TOTAL IMPLEMETACIÓN PGIO - EJE AMBIENTAL POR EL TÉRMINO DE EJECUCIÓN | H23: =ROUND(SUM(H15:H22),0) -> 6668361
A24: TOTAL IMPLEMETACIÓN PGIO - EJE AMBIENTAL POR EL TÉRMINO DE EJECUCIÓN EN PORCENTAJE DEL COSTO DIRECTO
A26: 3. IMPLEMETACION PGIO - EJE CALIDAD
B27: DISEÑO DE MEZCLAS DE CONCRETO ASFALTICO | E27: UN | F27: 350000 | G27: 2 | H27: =F27*G27 -> 700000
B28: COMPACTACIÓN PROCTOR MODIFICADO | E28: UN | F28: 220000 | G28: 2 | H28: =F28*G28 -> 440000
B29: ENSAYO DE CILINDRO PARA RESISTENCIA DE CONCRETO | E29: UN | F29: =+'[254]PPTO INTERVENTORIA'!D31 -> 17000 | G29: 30 | H29: =F29*G29 -> 510000
B30: ENSAYOS DE DENSIDAD | E30: UN | F30: =+'[254]PPTO INTERVENTORIA'!D30 -> 70000 | G30: 10 | H30: =F30*G30 -> 700000
A32: TOTAL IMPLEMETACIÓN PGIO - EJE CALIDAD POR EL TÉRMINO DE EJECUCIÓN | H32: =ROUND(SUM(H26:H31),0) -> 2350000
A33: TOTAL IMPLEMETACIÓN PGIO - EJE CALIDAD POR EL TÉRMINO DE EJECUCIÓN EN PORCENTAJE DEL COSTO DIRECTO
A37: P. PROGRAMA DE IMPLEMENTACION DEL PLAN DE GESTION INTEGRAL DE OBRA (PGIO) (1 + 2 + 3)
G38: P | H38: =+ROUND(H12+H23+H32,0) -> 10868361
A44: _________________________________________________
A45: =+[254]PMT!B26 -> MANUEL ANGEL MUÑOZ PEREZ
A46: =+[254]PMT!B27 -> DIRECTOR DE INFRAESTRUCTURA
A47: =+[254]PMT!B28 -> MUNICIPIO DE CAUCASIA

Sheet Presupuesto
B1: DEPARTAMENTO DE ANTIOQUIA MUNICIPIO DE CAUCASIA NIT: 890906445 - 2 | E1: Código: D-A- A4-01
E2: Versión: 2
E3: Fecha de Aprobación 29 de Diciembre de 2017
A5: SECRETARIA DE PLANEACION Y OBRAS PUBLICAS
A6: PRESUPUESTO DE OBRA
A7: OBJETO:
A8: ADECUCACION CIUDADELA EDUCATIVA DEL MUNICIPIO DE CAUCASIA DEPARTAMENTO DE ANTIOQUIA
A9: ITEM | B9: DESCRIPCION | C9: UND | D9: CANT | E9: VR. UNITARIO | F9: VALOR PARCIAL
A10: 1.0 | B10: PRELIMINARES | F10: =SUM(F11:F11) -> 14170169
A11: 1.1 | B11: Desmonte de cubierta y canoas. Incluye disposicion final de material sobrante. | C11: M2 | D11: =393.47+428.4 -> 821.87 | E11: =+APU!I40 -> 17241.375 | F11: =D11*E11 -> 14170169
A12: 2.0 | B12: CUBIERTA | F12: =SUM(F13) -> 92196555
A13: 2.1 | B13: Suministro, transporte e instalación de teja teroacustica tipo Sandwich 12 x 1m x 18mm. Incluye canoa en lamina calibre 22 y perfil tipo c 160 x 60 x 2.0mm x 6m para realce y repotenciacion de estructura existente | C13: M2 | D13: =393.47+428.4 -> 821.87 | E13: =APU!I247 -> 112179 | F13: =D13*E13 -> 92196555
A14: 3.0 | B14: INSTALACIONES ELECTRICAS | F14: =SUM(F15:F21) -> 71579060
A15: 3.1 | B15: Mantenimiento de red electrica existente. Incluye cambio de cableado en mal estado e instalacion de tuberia MT. | C15: UND | D15: 1 | E15: =APU!I461 -> 6896300 | F15: =D15*E15 -> 6896300
A16: 3.2 | B16: Suministro e instalacion de aire de 24000 BTU. | C16: UND | D16: 3 | E16: =APU!I514 -> 5099986 | F16: =D16*E16 -> 15299958
A17: 3.3 | B17: Suministro e instalacion de aire de 12000 BTU. | C17: UND | D17: 6 | E17: =APU!I567 -> 3404723 | F17: =D17*E17 -> 20428338
A18: 3.4 | B18: Suministro e instalacion de Bomba hidroflow. Incluye todo lo necesario para su correcta instalacion. | C18: UND | D18: 2 | E18: =APU!I620 -> 2187232 | F18: =D18*E18 -> 4374464
A19: 3.5 | B19: Suministro e instalación de ventilador tipo industrial Alteza o similar | C19: UND | D19: 30 | E19: 550000 | F19: =D19*E19 -> 16500000
A20: 3.6 | B20: Suministro e instalacion de reflector led de 200w uso exterior. Incluye fotocelda | C20: UND | D20: 12 | E20: 395000 | F20: =D20*E20 -> 4740000
A21: 3.7 | B21: Suministro e instalacion de cable encauchetado N°12 con para sistema de iluminacion exterior | C21: Ml | D21: 200 | E21: 16700 | F21: =D21*E21 -> 3340000
A22: 4.0 | B22: REVOQUE Y PINTURA | F22: =SUM(F23:F25) -> 1.2585802e+08
A23: 4.1 | B23: Aplicación de PINTURA VINILO TIPO KORAZA o similar, para exteriores e interiores, tres manos o las necesarias hasta obtener una superficie pareja y homogénea. Incluye suministro y transporte de los materiales, resanes y humedades. | C23: M2 | D23: 3500 | E23: =APU!I723 -> 22701.722 | F23: =D23*E23 -> 79456026
A24: 4.2 | B24: Suministro y aplicación de estuco plastico sobre muros interiores y exteriores tipo estucor de corona o similar x 3 manos, incluye lijado de la superficie y demas elementos necesarios para su correcta aplicación. | C24: M2 | D24: 2000 | E24: =APU!I763 -> 18195.9 | F24: =D24*E24 -> 36391800
A25: 4.3 | B25: Suministro e instalacion de impermeabilizante para losas | C25: M2 | D25: 250 | E25: =APU!I820 -> 40040.777 | F25: =D25*E25 -> 10010194
A26: 5 | B26: FACHADA | F26: =SUM(F27:F27) -> 231400000
A27: 5.1 | B27: fachada en persiana perforada en acero inoxidable | C27: M2 | D27: 130 | E27: 1780000 | F27: =D27*E27 -> 231400000
A28: VALOR COSTOS DIRECTOS | F28: =F22+F14+F12+F10+F26 -> 5.352038e+08
A29: ADMINISTRACIÓN | E29: 0.28 | F29: =ROUND(F28*E29,0) -> 149857065
A30: UTILIDAD | E30: =+AU!D44 -> 0.05 | F30: =ROUND(F28*E30,0) -> 26760190
A31: VALOR TOTAL OBRA | F31: =SUM(F28:F30) -> 7.1182106e+08
B38: OSCAR SANTANA MAZO
B39: Profesional universitario
B40: NOMBRE | C40: CARGO | E40: FIRMA
A41: PROYECTO: | B41: JEFFERSON CAMILO PRECIADO | C41: Contratista, apoyo obras publicas
A42: REVISO: | B42: =B38 -> OSCAR SANTANA MAZO | C42: =B39 -> Profesional universitario
A43: Los de arriba firmante hemos declarado que revisamos el documento y lo encontramos ajustado a las normas y disposiciones legales vigentes y por lo tanto, bajo nuestra responsabilidad lo presentamos para la firma.

Sheet AU
A1: DEPARTAMENTO DE ANTIOQUIA
A2: MUNICIPIO DE CAUCASIA
A3: SECRETARIA DE PLANEACION Y OBRAS PUBLICAS
A4: DISCRIMINACION DEL A.I.U OFICIAL
A6: OBJETO:
A7: =Presupuesto!A8 -> ADECUCACION CIUDADELA EDUCATIVA DEL MUNICIPIO DE CAUCASIA DEPARTAMENTO DE ANTIOQUIA
A8: A.I.U.
G10: VALOR COSTO OBRA : | J10: ='PRESUPUESTO DEF'!F32 -> 2.3724865e+08
B11: DESCRIPCION | D11: No | E11: TIEMPO | F11: SALARIO | G11: P.S. | H11: TOTAL | I11: TOTAL | J11: %
E12: (Meses) | H12: SALARIO
A13: 1 | B13: GASTOS GENERALES DE LA FIRMA | I13: =SUM(I14:I14) -> 0 | J13: =I13/Presupuesto!F28 -> 0
B14: Informes, papelería, fotografías | I14: 0
A15: 2 | B15: PERSONAL DE DIRECCION Y ADMINISTRACION | I15: =SUM(H16:H17) -> 15439698 | J15: =+I15/J10 -> 0.065078129
B16: Ingeniero residente | D16: 1 | E16: 1.5 | F16: ='SALARIOS Y PRESTACIONES '!D16 -> 5252715 | G16: ='SALARIOS Y PRESTACIONES '!D29 -> 1.4479334 | H16: =F16*G16*E16*D16 -> 11408372
B17: Tecnica o tecnologa en seguridad | D17: 0.5 | E17: 1.5 | F17: ='SALARIOS Y PRESTACIONES '!J42 -> 3706967 | G17: ='SALARIOS Y PRESTACIONES '!J55 -> 1.45 | H17: =F17*G17*E17*D17 -> 4031326.6
A18: 3 | B18: TRANSPORTE, PLAN DE MANEJO AMBIENTAL Y PLAN DE TRAFICO | I18: =SUM(I19:I19) -> 0 | J18: =I18/J10 -> 0
I19: =J10*H19 -> 0
A20: 4 | B20: SERVICIOS GENERALES, VIGILANCIA, CONSERVACION Y MANTENIMIENTO | I20: =SUM(H21:H21) -> 0 | J20: =I20/J10 -> 0
A22: 5 | B22: DOTACIONES DE OBRA Y ADMINISTRATIVAS | I22: =SUM(H23:H24) -> 0 | J22: =I22/J10 -> 0
B23: Papeleria de obra y oficina
M24: =200000-M37 -> 708233.49
A25: 6 | B25: MOVILIZACION, INSTALACIONES PROVISIONALES Y SERVICIOS | I25: =SUM(H26:H27) -> 0 | J25: =I25/J10 -> 0
B26: Campamento o bodega | D26: 0 | E26: 0 | F26: 0 | H26: 0
A28: 7 | B28: SEGURIDAD INDUSTRIAL Y TIEMPO DE INACTIVIDAD | I28: =SUM(I29:I29) -> 0 | J28: =I28/Presupuesto!F28 -> 0
B29: Seguridad industrial | I29: 0
A30: 8 | B30: GARANTIAS Y SEGUROS | I30: =SUM(I31:I31) -> 1579709.1 | J30: =I30/J10 -> 0.0066584532
B31: Poliza Unica de cumplimiento | I31: ='POLIZAS OBRA'!G22 -> 1579709.1
A32: 9 | B32: IMPUESTOS, CONTRIBUCIONES Y TRANSFERENCIAS | I32: =SUM(I33:I38) -> 53646955 | J32: =I32/J10 -> 0.22612122 | M32: =+J10*0.3 -> 71174596
B33: Estampilla procultura | H33: 0.015 | I33: =H33*'PRESUPUESTO DEF'!F36 -> 4967310.7 | M33: =+I32+I30+I28+I25+I22+I20+I18+I15+I13 -> 70666363
B34: Estampilla Adulto Mayor | H34: 0.04 | I34: =H34*'PRESUPUESTO DEF'!F36 -> 13246162
B35: Estampilla U. de A. | H35: 0.012 | I35: =H35*'PRESUPUESTO DEF'!F36 -> 3973848.6
B36: Estampilla prodeporte | H36: 0.025 | I36: =H36*'PRESUPUESTO DEF'!F36 -> 8278851.1
B37: Fondo local de seguridad | H37: 0.05 | I37: =H37*'PRESUPUESTO DEF'!F36 -> 16557702 | M37: =+M33-M32 -> -508233.49
B38: Estampilla pro justicia familiar | H38: 0.02 | I38: =H38*'PRESUPUESTO DEF'!F36 -> 6623080.9
B39: SUBTOTAL ADMINISTRACION | J39: =SUM(J13:J37) -> 0.2978578
B40: UTILIDAD DEL CONTRATISTA | J40: 0.05
B41: TOTAL ADMINISTRACION, IMPREVISTOS Y UTILIDAD : | J41: =SUM(J39:J40) -> 0.3478578
B43: ADMINISTRACION | D43: =+J39 -> 0.2978578
B44: UTILIDAD | D44: =J40 -> 0.05
A48: ='PRESUPUESTO DEF'!B45 -> MANUEL ANGEL MUÑOZ PEREZ
A49: ='PRESUPUESTO DEF'!B46 -> DIRECTOR DE OBRAS PUBLICAS
B50: NOMBRE | E50: CARGO | G50: FIRMA
A51: PROYECTÓ: | B51: =+'presupuesto completo '!B32 -> JEFFERSON CAMILO PRECIADO | E51: Contratista, apoyo obras publicas
A52: REVISÓ: | B52: =A48 -> MANUEL ANGEL MUÑOZ PEREZ | E52: =A49 -> DIRECTOR DE OBRAS PUBLICAS
A53: Los de arriba firmante hemos declarado que revisamos el documento y lo encontramos ajustado a las normas y disposiciones legales vigentes y por lo tanto, bajo nuestra responsabilidad lo presentamos para la firma.

Sheet POLIZAS OBRA
A6: POLIZAS OBRAS
A7: VALOR DEL CONTRATO ( $ ) | B7: ='PRESUPUESTO DEF'!F36 -> 3.3115405e+08 | C7: =+IFERROR(B7/'[254]FACTOR PRESTACIONAL CAU'!M5,"") -> 189.13307
A8: PLAZO DEL CONTRATO | B8: 1.5 | C8: =(IFERROR(B8*30,"")) -> 45
A9: ANTICIPO | B9: 0.5 | C9: =(IFERROR(B9*B7,"")) -> 1.6557702e+08
A11: TIPO DE GARANTÍA | B11: VALOR ASEGURADO | E11: COBERTURA ( DÍAS ) | F11: TASA ANUAL | G11: PRIMA
B12: % | C12: BASE | D12: VALOR
A13: CUMPLIMIENTO | B13: 0.1 | C13: =+$B$7 -> 3.3115405e+08 | D13: =+IFERROR(B13*C13,"") -> 33115405 | E13: =+(IFERROR($C$8+180,"")) -> 225 | F13: 0.0015 | G13: =+IFERROR(F13*D13*E13/360,"") -> 31045.692
A14: BUEN MANEJO Y CORRECTA INVERSIÓN DEL ANTICIPO | B14: 1 | C14: =+B7/2 -> 1.6557702e+08 | D14: =+IFERROR(B14*C14,"") -> 1.6557702e+08 | E14: =(IFERROR($C$8+180,"")) -> 225 | F14: 0.0015 | G14: =+IFERROR(F14*D14*E14/360,"") -> 155228.46
A15: SALARIOS Y PRESTACIONES SOCIALES | B15: 0.2 | C15: =+$B$7 -> 3.3115405e+08 | D15: =+IFERROR(B15*C15,"") -> 66230809 | E15: =+(IFERROR($C$8+1080,"")) -> 1125 | F15: =+F14 -> 0.0015 | G15: =+IFERROR(F15*D15*E15/360,"") -> 310456.92
A16: ESTABILIDAD Y CALIDAD DE LA OBRAS | B16: 0.3 | C16: =+$B$7 -> 3.3115405e+08 | D16: =+IFERROR(B16*C16,"") -> 99346214 | E16: =(IF($B$7="","",1800)) -> 1800 | F16: =+F15 -> 0.0015 | G16: =+IFERROR(F16*D16*E16/360,"") -> 745096.6
A17: DECRETO 1082 SMMLV RESPONSABILIDAD CIVIL | B17: SMMLV | C17: MONTO ASEGURABLE | E17: PLAZO MESES | F17: TASA ANUAL | G17: PRIMA
A18: 200 | B18: =+'[254]FACTOR PRESTACIONAL CAU'!M5 -> 1750905 | C18: =(IFERROR(IF(C7>10000,B7+5%,A18*B18),"")) -> 350181000 | E18: =+$B$8 -> 1.5 | F18: 0.0015 | G18: =+IFERROR(F18*E18*C18/12,"") -> 65658.938
A19: SUBTOTAL PRIMA | G19: =IF(SUM(G13:G16,G18)=0,"",SUM(G13:G16,G18)) -> 1307486.6
A20: GASTOS DE EXPEDICIÓN | G20: =+IF(G19="","",20000) -> 20000
A21: I.V.A. | G21: =+IFERROR((G19+G20)*0.19,"") -> 252222.46
A22: TOTAL POLIZAS | G22: =IF(G19="",0,SUM(G19:G21)) -> 1579709.1
A28: =+'[254]PRECIOS UNITARIOS'!$B$41 -> MANUEL ANGEL MUÑOZ PEREZ
A29: =+'[254]PRECIOS UNITARIOS'!$B$42 -> DIRECTOR DE OBRAS PUBLICAS
A30: =+'[254]PRECIOS UNITARIOS'!$B$43 -> MUNICIPIO DE CAUCASIA

Sheet CRONOGRAMA
A1: PROGRAMACIÓN FINANCIERA Y DE OBRA DEL PROYECTO
A2: =Presupuesto!A8 -> ADECUCACION CIUDADELA EDUCATIVA DEL MUNICIPIO DE CAUCASIA DEPARTAMENTO DE ANTIOQUIA
A3: ITEM | B3: ACTIVIDAD | C3: Nº MES. | D3: MES 1 | P3: SUBTOTALES
C4: 1.5 | D4: Semana 1 | F4: Semana 2 | H4: Semana 3 | J4: Semana 4 | L4: Semana 5 | N4: Semana 6
A5: =+'presupuesto completo '!A10 -> 1.0 | B5: =+'presupuesto completo '!B10:F10 -> PRELIMINARES
A6: 1.1 | B6: ='PRESUPUESTO DEF'!B11 -> Suministro e Instalación de CERRAMIENTO PROVISIONAL en tela verde con una altura de 2,1 m. y estructura en larguero común. Incluye suministro, transporte, instalación y desmonte de la tela , excavación manual en cualquier material y todos los demás elementos necesarios para su correcta instalación.
A7: 1.2 | B7: RETIRO Y BOTADA DE CANOAS y RUANAS.
A8: 1.3 | B8: RETIRO Y BOTADA DE BAJANTES Y/O TUBERÍA EXPUESTA en mal estado.
A9: 1.4 | B9: RETIRO Y BOTADA DE CIELO FALSO, en cualquier material, madera, drywall. Incluye lámina, perfiles, estructura de madera, cargue, transporte y botada de escombros en botaderos oficiales y la recuperación de los materiales aprovechables y/o su transporte hasta la bodega o el sitio que indique la interventoría.
B10: Inversión financiera | F10: ='PRESUPUESTO DEF'!F10 -> 9131245.4 | P10: =SUM(D10:O10) -> 9131245.4
A11: =+'presupuesto completo '!A12 -> 2.0 | B11: =+'presupuesto completo '!B12:F12 -> CUBIERTA
A12: 2.1 | B12: Suministro e instalación de CANOA EN LÁMINA GALVANIZADA CALIBRE 20, DLLO HASTA 1.00M. Incluye embudo galvanizado calibre 16 , pintura anticorrosiva, esmalte base aceite y todos los elementos necesarios para su correcta instalación. Se deberá colocar una buena base de apoyo de la canoa en toda su longitud. | C12: 2
A13: 2.2 | B13: Suministro e instalación de CIELO FALSO EN PVC. Incluye estructura.
A14: 2.3 | B14: Suministro e instalación de TRAGANTE DOBLE DE 3" y/o 4". Incluye wash primer y acabado en el mismo material de la canoa, los accesorios verticales después de la tee o codo de la tubería horizontal de aguas lluvias hasta la canoa. Estos deberán estar correctamente pegados usando limpiador y soldadura apropiados y soldados correctamente a la canoa, sin presentar fugas, fisuras o cualquier otra clase de anomalía. Incluye además las perforaciones (canchas) de paredes o pisos que lo requieran incluyendo cargue y botada de escombros en botaderos.
A15: 2.4 | B15: Suministro e instalación de TUBERÍA PVC-SANITARIA, COLGADA O EN BAJANTES con un DIÁMETRO DE 3" y/o 4". Incluye suministro de los materiales, bocas, accesorios, pegante, limpiador, wash primer, acabado en esmalte mate, color a definir por parte de interventoría, andamios, abrazaderas y todos los elementos necesarios para su correcta instalación y funcionamiento.
B16: Inversión financiera | H16: ='PRESUPUESTO DEF'!F15/3 -> 17263432 | J16: =H16 -> 17263432 | L16: =J16 -> 17263432 | P16: =SUM(D16:O16) -> 51790297
A17: =+'presupuesto completo '!A14 -> 3.0 | B17: =+'presupuesto completo '!B14:F14 -> INSTALACIONES ELECTRICAS
A18: 3.1 | B18: Mantenimiento de red electrica existente. Incluye cambio de cableado en mal estado e instalacion de tuberia MT. | C18: 1
A19: 3.2 | B19: Suministro e instalacion de aire de 24000 BTU. | C19: 1
A20: 3.3 | B20: Suministro e instalacion de aire de 12000 BTU.
A21: 3.4 | B21: Suministro e instalacion de Bomba hidroflow. Incluye todo lo necesario para su correcta instalacion.
A22: 3.5 | B22: Suministro e instalación de ventilador tipo industrial Alteza o similar
A23: 3.6 | B23: Suministro e instalacion de reflector led de 200w uso exterior. Incluye fotocelda
A24: 3.7 | B24: Suministro e instalacion de cable encauchetado N°12 con para sistema de iluminacion exterior
B25: Inversión financiera | H25: ='PRESUPUESTO DEF'!F20/3 -> 20794139 | J25: =H25 -> 20794139 | L25: =H25 -> 20794139 | P25: =SUM(D25:O25) -> 62382416
A26: =+'presupuesto completo '!A17 -> 4.0 | B26: =+'presupuesto completo '!B17:F17 -> PINTURA Y VENTANERIA
A27: 4.1 | B27: Aplicación de PINTURA VINILO TIPO KORAZA o similar, para exteriores e interiores, tres manos o las necesarias hasta obtener una superficie pareja y homogénea. Incluye suministro y transporte de los materiales, resanes y humedades. | C27: 1
A28: 4.2 | B28: Suministro y aplicación de estuco plastico sobre muros interiores y exteriores tipo estucor de corona o similar x 3 manos, incluye lijado de la superficie y demas elementos necesarios para su correcta aplicación. | C28: 1
A29: 4.3 | B29: Suministro e instalacion de impermeabilizante para losas
B30: Inversión financiera | L30: ='PRESUPUESTO DEF'!F28/2 -> 56972348 | N30: =L30 -> 56972348 | P30: =SUM(D30:O30) -> 1.139447e+08
A33: COSTO DIRECTO FLUJO SEMANAL | D33: =SUM(D5:E30) -> 0 | F33: =SUM(F5:G30) -> 9131245.4 | H33: =SUM(H5:I30) -> 38057571 | J33: =SUM(J5:K30) -> 38057571 | L33: =SUM(L5:M30) -> 95029919 | N33: =SUM(N5:O31) -> 56972348 | P33: =SUM(D33:O33) -> 2.3724865e+08
B34: TOTAL A.U | C34: ='PRESUPUESTO DEF'!E33+'PRESUPUESTO DEF'!E34 -> 0.35 | D34: =ROUND($C$34*D33,0) -> 0 | F34: =ROUND($C$34*F33,0)-S34 -> 3195935.7 | H34: =ROUND($C$34*H33,0)-S34 -> 13320150 | J34: =ROUND($C$34*J33,0)-U34 -> 13320150 | L34: =ROUND($C$34*L33,0)-W34 -> 33260472 | N34: =ROUND($C$34*N33,0)-Y34 -> 19940322 | P34: =SUM(D34:O34) -> 83037029 | Q34: =P34-'presupuesto completo '!I22 -> 73689535 | R34: 0.71054 | S34: =0.333333333333333 -> 0.33333333
B35: PGIO | F35: ='PRESUPUESTO DEF'!F35/5 -> 2173672.2 | H35: =F35 -> 2173672.2 | J35: =H35 -> 2173672.2 | L35: =J35 -> 2173672.2 | N35: =L35 -> 2173672.2 | P35: =SUM(F35:O35) -> 10868361
A36: TOTAL FLUJO SEMANAL | D36: =SUM(D33:E34) -> 0 | F36: =SUM(F33:G35) -> 14500853 | H36: =SUM(H33:I35) -> 53551393 | J36: =SUM(J33:K35) -> 53551393 | L36: =SUM(L33:M35) -> 1.3046406e+08 | N36: =SUM(N33:O35) -> 79086343 | P36: =SUM(D36:O36) -> 3.3115405e+08
A37: FLUJO SEMANAL ACUMULADO | D37: =+D36 -> 0 | F37: =+D37+F36 -> 14500853 | H37: =+F37+H36 -> 68052246 | J37: =+H37+J36 -> 1.2160364e+08 | L37: =+J37+L36 -> 2.520677e+08 | N37: =+L37+N36 -> 3.3115405e+08
A38: % FINANCIERO SEMANAL | D38: =D36/$P$36 -> 0 | F38: =F36/$P$36 -> 0.043788845 | H38: =H36/$P$36 -> 0.16171143 | J38: =J36/$P$36 -> 0.16171143 | L38: =L36/$P$36 -> 0.3939679 | N38: =N36/$P$36 -> 0.2388204 | P38: =SUM(D38:O38) -> 1
A39: % FINANCIERO ACUMULADO | D39: =D38 -> 0 | F39: =+D39+F38 -> 0.043788845 | H39: =+F39+H38 -> 0.20550027 | J39: =+H39+J38 -> 0.3672117 | L39: =+J39+L38 -> 0.7611796 | N39: =+L39+N38 -> 1
B42: ='PRESUPUESTO DEF'!B45 -> MANUEL ANGEL MUÑOZ PEREZ
B43: ='PRESUPUESTO DEF'!B46 -> DIRECTOR DE OBRAS PUBLICAS
C44: NOMBRE | F44: CARGO | H44: FIRMA
B45: PROYECTO: | C45: ='presupuesto completo '!B32 -> JEFFERSON CAMILO PRECIADO | F45: Contratista, apoyo obras publicas
B46: REVISO: | C46: =B42 -> MANUEL ANGEL MUÑOZ PEREZ | F46: =B43 -> DIRECTOR DE OBRAS PUBLICAS
B47: Los de arriba firmante hemos declarado que revisamos el documento y lo encontramos ajustado a las normas y disposiciones legales vigentes y por lo tanto, bajo nuestra responsabilidad lo presentamos para la firma.

Sheet CUADRILLA
A1: DEPARTAMENTO DE ANTIOQUIA
A2: MUNICIPIO DE CAUCASIA
A3: SECRETARIA DE PLANEACION Y OBRAS PUBLICAS
A5: CUADRO DE SALARIOS
A7: OBJETO:
A8: =Presupuesto!A8 -> ADECUCACION CIUDADELA EDUCATIVA DEL MUNICIPIO DE CAUCASIA DEPARTAMENTO DE ANTIOQUIA
C10: 1750905
A11: DESCRIPCION | B11: CUADRILLAS | C11: COSTO
A12: 1 AYUDANTE | B12: CUADRILLA 1 | C12: =D26/30 -> 96195.897
A13: 2 AYUDANTES | B13: CUADRILLA 2 | C13: =C12*2 -> 192391.79
A14: 1 OFICIAL + 1 AYUDANTE | B14: CUADRILLA 3 | C14: =(D22/30)+(D26/30) -> 279232.79
A15: 1 OFICIAL + 2 AYUDANTES | B15: CUADRILLA 4 | C15: =(D22/30)+((D26/30)*2) -> 375428.69
A16: 1 OFICIAL + 6 AYUDANTES | B16: CUADRILLA 5 | C16: =C15+C13+C13 -> 760212.28
A17: 1 SOLDADOR + 1 AYUDANTE | B17: CUADRILLA 6 | C17: =(D23/30)+(D26/30) -> 265450.05
A18: 1 TOPOGRAFO + 1 CADENERO | B18: CUADRILLA 7 | C18: =(D25/30)+(D24/30) -> 333981.3
A19: 1 ELECTRICO + 2 AYUDANTES | B19: CUADRILLA 8 | C19: =(D22/30)+C13 -> 375428.69
A21: DESCRIPCION | B21: SALARIO (DIA) | C21: PRESTACIONES | D21: SALARIO (MES)
A22: OFICIAL | B22: ='SALARIOS Y PRESTACIONES '!I16/30 -> 116727 | C22: ='SALARIOS Y PRESTACIONES '!I29 -> 1.5680768 | D22: =(B22*30)*C22 -> 5491106.9
A23: SOLDADOR | B23: ='SALARIOS Y PRESTACIONES '!I16/30 -> 116727 | C23: ='SALARIOS Y PRESTACIONES '!J55 -> 1.45 | D23: =(B23*30)*C23 -> 5077624.5
A24: CADENERO | B24: ='SALARIOS Y PRESTACIONES '!F16/30 -> 87545.267 | C24: ='SALARIOS Y PRESTACIONES '!F29 -> 1.5947912 | D24: =(B24*30)*C24 -> 4188492.7
A25: TOPOGRAFO | B25: ='SALARIOS Y PRESTACIONES '!E16/30 -> 134236.07 | C25: ='SALARIOS Y PRESTACIONES '!E29 -> 1.4479333 | D25: =(B25*30)*C25 -> 5830946.3
A26: AYUDANTE | B26: ='SALARIOS Y PRESTACIONES '!J16/30 -> 58363.5 | C26: ='SALARIOS Y PRESTACIONES '!J29 -> 1.6482202 | D26: =(B26*30)*C26 -> 2885876.9
A27: TECNOLOGO | B27: ='SALARIOS Y PRESTACIONES '!J42/30 -> 123565.57 | C27: ='SALARIOS Y PRESTACIONES '!J55 -> 1.45 | D27: =(B27*30)*C27 -> 5375102.1
A28: INGENIERO | B28: ='SALARIOS Y PRESTACIONES '!D16/30 -> 175090.5 | C28: ='SALARIOS Y PRESTACIONES '!D29 -> 1.4479334 | D28: =(B28*30)*C28 -> 7605581.2
A32: ='PPTO INTERVENTORIA'!A40 -> MANUEL ANGEL MUÑOZ PEREZ
A33: ='PPTO INTERVENTORIA'!A41 -> DIRECTOR DE OBRAS PUBLICAS
B34: NOMBRE | C34: CARGO | E34: FIRMA
A35: PROYECTÓ: | B35: =+'presupuesto completo '!B32 -> JEFFERSON CAMILO PRECIADO | C35: Contratista, apoyo obras publicas
A36: REVISO: | B36: =A32 -> MANUEL ANGEL MUÑOZ PEREZ | C36: =A33 -> DIRECTOR DE OBRAS PUBLICAS
A37: Los de arriba firmante hemos declarado que revisamos el documento y lo encontramos ajustado a las normas y disposiciones legales vigentes y por lo tanto, bajo nuestra responsabilidad lo presentamos para la firma.

Sheet APA
A1: SECRETARIA DE PLANEACION Y OBRAS PUBLICAS | F1: ANALISIS DE PRECIOS AUXILIARES | K1: CUADRO DE MATERIALES
K3: MATERIALES | N3: UND | O3: PRECIO UNITARIO
K4: CEMENTO GRIS | N4: BUL | O4: 33000
A5: OBJETO : | B5: =Presupuesto!A8 -> ADECUCACION CIUDADELA EDUCATIVA DEL MUNICIPIO DE CAUCASIA DEPARTAMENTO DE ANTIOQUIA | K5: MAT. PLAYA MIXTO DE LA ZONA (BALASTRO) | N5: M3 | O5: 56666.667
K6: AGUA | N6: LTRS | O6: 200
A7: ITEM: | B7: Suministros y preparacion de concreto 1:2:3 en obra | K7: BARRAS ACERO CORRUGADO 60000 PSI | N7: KG | O7: 6500
K8: ACERO PERFIL LAMINADO DE 160X60MM EN ACERO GALVANIZADO ESPESOR 2MM | N8: M | O8: 45000
H9: UNIDAD: | I9: m3 | K9: ARENA PARA REVOQUE | N9: M3 | O9: =G116 -> 56666.667
A10: I. EQUIPO | K10: PIEDRA DE RIO O TRITURADO DE 1/2" | N10: M3 | O10: 65400
A11: DESCRIPCIÓN | F11: CANT | G11: Vr. / DIA | H11: REND. | I11: V-UNIT. | K11: ARENA PARA CONCRETO | N11: M3 | O11: 40000
A12: Herramienta menor | I12: =ROUND(I38*0.05,) -> 8565 | K12: LIJA DE AGUA # 200 | N12: UN | O12: 1000
A13: Coche | F13: 2 | G13: =+[256]HERRAMIENTAS!E30 -> 15000 | H13: =+H36 -> 3.26 | I13: =ROUND(F13*G13/H13,) -> 9202 | K13: BLOQUE DE CONCRETO 0.15 | N13: UN | O13: 3600
A14: Concretadora | F14: 1 | G14: 80000 | H14: =+H13 -> 3.26 | I14: =ROUND(F14*G14/H14,) -> 24540 | K14: PINTURA TRAFICO | N14: GL | O14: 130000
K15: BALDOSA PARA TRAFICO PESADO | N15: M2 | O15: 65000
H16: SUB-TOTAL | I16: =ROUND((SUM(I12:I15)),0) -> 42307 | K16: BALDOSA PARA PARED. | N16: M2 | O16: 30000
A17: II. MATERIALES EN OBRA | K17: PEGA PARA BALDOSA | N17: KG | O17: 1700
A18: DESCRIPCIÓN | F18: UN. | G18: P-UNIT. | H18: CANT. | I18: V-UNIT. | K18: PUERTA ALUMNIO DE 80X200 crudo | N18: UN | O18: 1200000
A19: Cemento gris tipo 1 | F19: Sac | G19: =O4 -> 33000 | H19: 7.5 | I19: =ROUND(G19*H19,) -> 247500 | K19: PUERTA ALUMNIO DE 90X200 crudo | N19: un | O19: 1300000
A20: Material de playa mixto clasificado | F20: m3 | G20: =O5 -> 56666.667 | H20: 1.5 | I20: =ROUND(G20*H20,) -> 85000 | K20: TORNILLOS ENSAMBLE DE 1 1/2" | N20: UN | O20: 200
A21: Agua para mezclado | F21: lts | G21: =[257]MATERIALES!E21 -> 200 | H21: 180 | I21: =ROUND(G21*H21,) -> 36000 | K21: Ducha Antivandálica con Regadera de Empotrar | N21: un | O21: 480000
K22: INDORO TIPO INSTITUCIONAL. | N22: UN | O22: 800000
K23: FLUXOMETRO INSTITUCIONAL DE PALANCA | N23: UN | O23: 870000
K24: INDORO TIPO INSTITUCIONAL. PARA DISCAPACITADOS | N24: UN | O24: 800000
K25: ORINAL DE ENTRADA SUPERIOR LINEA INSTITUCIONAL | N25: UN | O25: 1500000
K26: Material de Sub Base CBR=40% | N26: M3 | O26: 65000
H27: SUB-TOTAL | I27: =ROUND((SUM(I19:I26)),0) -> 368500 | K27: VENTILADOR DE TECHO | N27: UN | O27: 400000
A28: III. TRANSPORTES | K28: BORDILLO PREFABRICADO | N28: UND | O28: 25000
A29: MATERIAL | E29: Vol (M3) | F29: DIST. | G29: M3-KM | H29: TARIFA | I29: V-UNIT. | K29: ARENA DE PEGA | N29: M3 | O29: =G69 -> 40000
K30: TEJA TERMOACUSTICA PVC | N30: m2 | O30: 70000
K31: CABALLETE TEJA TERMO ACUSTICA PVC | N31: UN | O31: 70000
K32: TORNILLO AUTOPERFORANTE DE 2" PARA FIJAR TEJAS | N32: UN | O32: 700
H33: SUB-TOTAL | I33: =ROUND((SUM(I31:I32)),0) -> 0 | K33: HERRAJE DE MAN HALL | N33: UND | O33: 250000
A34: IV. MANO DE OBRA | K34: ESTACAS, PINTURA, TACHUELAS, HILO | N34: GL | O34: 1000
A35: PERSONAL | F35: JORNAL MAS PRESTAC. | H35: REND. | I35: V-UNIT. | K35: TRITURADO | N35: M3 | O35: 65000
A36: =[258]CUADRILLAS!B16 -> CUADRILLA 5 | F36: =[258]CUADRILLAS!C16 -> 558405 | H36: 3.26 | I36: =ROUND(F36/H36,) -> 171290 | K36: ARENA PARA CONCRETO | N36: M3 | O36: 65000
K37: PIEDRA | N37: M3 | O37: 200000
H38: SUB-TOTAL | I38: =ROUND((SUM(I36:I37)),0) -> 171290 | K38: TUBO DE CONCRETO 900 MM | N38: UN | O38: 350000
K39: ESTUCO | N39: KG | O39: 2300
F40: TOTAL COSTO DIRECTO | I40: =+I38+I33+I27+I16 -> 582097 | K40: ANTISOL BLANCO | N40: KG | O40: 6500
A41: V. COSTOS INDIRECTOS | K41: PINTURA ACRILICA PURA PARA TRAFICO | N41: GAL | O41: 130000
A42: DESCRIPCIÓN | H42: % | I42: V-TOTAL | K42: DISOLVENTE PARA PINTURA TRAFICO | N42: GAL | O42: 80000
A43: Administración | K43: Poste en angulo de 2*2*1/4 de 3,5m para señal | N43: UN | O43: 80300
A44: Utilidad | K44: Pintura vinilica tipo 1 de viniltex o similar | N44: GAL | O44: 60700
A45: Imprevistos | K45: Piso antideslizante en pvc, 8mm para canchas de tenis de mesa profesional. | N45: m2 | O45: =232850 -> 232850
H46: SUB-TOTAL | I46: =ROUND((SUM(I43:I45)),0) -> 0 | K46: Tubo de pvc 1/2" rde 21 | N46: m | O46: 2500
K47: Tuberia rde 21 en pvc diametro 1 1/4" | N47: m | O47: 10000
H48: TOTAL | I48: =ROUND((I40+I46),0) -> 582097 | K48: Tuberia rde 21 en pvc diametro 3/4" | N48: m | O48: 5000
A49: SECRETARIA DE PLANEACION Y OBRAS PUBLICAS | F49: ANALISIS DE PRECIOS AUXILIARES | K49: T en pvc de 3/4" | N49: un | O49: 2000
K50: codo de 3/4 pvc rde 21 | N50: un | O50: 2000
K51: Codo de 1/2" en pvc | N51: un | O51: 600
K52: Codo de 90 en pvc de 1 1/4" | N52: un | O52: 4500
A53: OBJETO : | B53: =+B5 -> ADECUCACION CIUDADELA EDUCATIVA DEL MUNICIPIO DE CAUCASIA DEPARTAMENTO DE ANTIOQUIA | K53: Teede en pvc de 1 1/4" | N53: un | O53: 4500
K54: Cinta Teflon | N54: un | O54: 1200
A55: ITEM: | B55: APA PREPARACION MORTERO 1:4 | K55: Adaptador macho 1/2" | N55: un | O55: 600
K56: Soldadura líquida PVC 1/32 de gal | N56: un | O56: 3200
H57: UNIDAD: | I57: M3 | K57: union de 1/2" pvc | N57: un | O57: 600
A58: I. EQUIPO | K58: Tapon presión 1/2" | N58: un | O58: 600
A59: DESCRIPCIÓN | F59: CANT | G59: Vr. / DIA | H59: REND. | I59: V-UNIT. | K59: Griferia para lavamanos tipo institucional. | N59: un | O59: 400000
A60: Hta menor | I60: =ROUND(I86*0.05,) -> 6728 | K60: Lavamanos institucional de sobreponer. | N60: un | O60: 390000
A61: Concretadora | F61: 1 | G61: =+G14 -> 80000 | H61: =H83 -> 4.15 | I61: =ROUND(F61*G61/H61,) -> 19277 | K61: Meson en granito de 190cmx60cm | N61: un | O61: 1200000
A62: Coche | F62: 2 | G62: =+G13 -> 15000 | H62: =H83 -> 4.15 | I62: =ROUND(F62*G62/H62,) -> 7229 | K62: Lavamanos con plataforma institucional, en lamina acero inoxidable | N62: un | O62: 500000
K63: Tablas en madera comun | N63: un | O63: 15000
K64: Clavos en acero de 2" | N64: lb | O64: 3500
H65: SUB-TOTAL | I65: =ROUND(SUM(I60:I64),0) -> 33234 | K65: Alambre quemado. | N65: kg | O65: 8000
A66: II. MATERIALES EN OBRA | K66: ALAMBRE DE COBRE THHN N°12 | N66: M | O66: 2800
A67: DESCRIPCIÓN | F67: UN. | G67: P-UNIT. | H67: CANT. | I67: V-UNIT. | K67: Tubo Galvanizado EMT 3/4" | N67: un | O67: =28000*1.2 -> 33600
A68: Cemento gris | F68: Saco | G68: =O4 -> 33000 | H68: 7.98 | I68: =ROUND(G68*H68,) -> 263340 | K68: Curva emt 3/4" | N68: un | O68: =9000*1.25 -> 11250
A69: Arena | F69: M3 | G69: =O11 -> 40000 | H69: 1.28 | I69: =ROUND(G69*H69,) -> 51200 | K69: union emt de 3/4" | N69: un | O69: 3000
A70: Agua | F70: Lt | G70: =[257]MATERIALES!E21 -> 200 | H70: 185 | I70: =ROUND(G70*H70,) -> 37000 | K70: caja metalica 20x20 | N70: un | O70: =4400*1.25 -> 5500
K71: CAJA METALICA 12X12X5 | N71: UN | O71: 18000
K72: =+'[258]APU ITEM 7 Y 8'!K18:M18 -> 0 | N72: un | O72: 15000
K73: =+'[258]APU ITEM 7 Y 8'!#REF! -> #REF! | N73: un | O73: 105000
H74: SUB-TOTAL | I74: =SUM(I68:I73) -> 351540 | K74: Luminaria tipo Led 18 W | N74: UN | O74: 34000
A75: III. TRANSPORTES EN OBRA | K75: PRENSA ESTOPA | N75: UN | O75: 2500
A76: MATERIAL | E76: Vol (M3) | F76: DIST. | G76: (M3-KM)/TON | H76: TARIFA | I76: V-UNIT. | K76: Lamina para cielo raso en pvc | N76: m2 | O76: =89700*1.25/3 -> 37375
K77: vigueta en lamina | N77: un | O77: 7000
K78: Omega en lamina | N78: un | O78: 6000
K79: perfil perimetral | N79: un | O79: 30000
H80: SUB-TOTAL | I80: =SUM(I77:I79) -> 0 | K80: tornillos driwal | N80: un | O80: 150
A81: IV. MANO DE OBRA | K81: Canaletapvc para aguas lluvias incluye asesorios | N81: m | O81: =94000*1.2/3+20000 -> 57600
A82: PERSONAL | F82: JORNAL MAS PRESTAC. | H82: REND. | I82: V-UNIT. | K82: PTAR 2400L | O82: 8000000
A83: =[258]CUADRILLAS!B16 -> CUADRILLA 5 | F83: =[258]CUADRILLAS!C16 -> 558405 | H83: 4.15 | I83: =ROUND(F83/H83,) -> 134555 | K83: Adhesivo para pisos vinílicos | N83: gr | O83: 64
H86: SUB-TOTAL | I86: =SUM(I83:I85) -> 134555
F88: TOTAL COSTO DIRECTO | I88: =+I86+I80+I74+I65 -> 519329
A89: V. COSTOS INDIRECTOS
A90: DESCRIPCIÓN | H90: % | I90: V-TOTAL
A91: Administración | I91: =I88*H91/100 -> 0
A92: Utilidad | I92: =I88*H92/100 -> 0
A93: Imprevistos | I93: =I88*H93/100 -> 0
H94: SUB-TOTAL | I94: =SUM(I91:I93) -> 0
H96: TOTAL | I96: =I88+I94 -> 519329
A97: SECRETARIA DE PLANEACION Y OBRAS PUBLICAS | F97: ANALISIS DE PRECIOS AUXILIARES
A101: OBJETO : | B101: =+B53 -> ADECUCACION CIUDADELA EDUCATIVA DEL MUNICIPIO DE CAUCASIA DEPARTAMENTO DE ANTIOQUIA
A103: ITEM: | B103: Suministros y preparacion de concreto 1:3:6
H105: UNIDAD: | I105: M3
A106: I. EQUIPO
A107: DESCRIPCIÓN | F107: CANT | G107: Vr. / DIA | H107: REND. | I107: V-UNIT.
A108: Herramienta menor | I108: =ROUND(I135*0.05,) -> 5268
A109: Concretadora 1 saco | F109: 1 | G109: =+G61 -> 80000 | H109: =+H132 -> 5.3 | I109: =ROUND(F109*G109/H109,) -> 15094
A110: Coche | F110: 2 | G110: =+G62 -> 15000 | H110: =+H109 -> 5.3 | I110: =ROUND(F110*G110/H110,) -> 5660
...

Sheet SALARIOS Y PRESTACIONES 
I1: OFIC | J1: AYUD
B2: CUADRO DE SALARIOS Y PRESTACIONES
B4: =Presupuesto!A8 -> ADECUCACION CIUDADELA EDUCATIVA DEL MUNICIPIO DE CAUCASIA DEPARTAMENTO DE ANTIOQUIA | J4: MUNICIPIO | K4: CAUCASIA
J5: DEPARTAMENTO | K5: ANTIOQUIA
J6: FECHA | K6: ABRIL DEL 2024
J7: PAVIMENTO
B9: ABRIL 08 DEL 2024 | C9: SALARIO MINIMO | D9: 1750905
C10: AUX. TRANSPORTE | D10: 249095
B12: DESCRIPCION | C12: DIRECTORES | D12: RESIDENTES | E12: TOPOGRAFO | F12: CADENERO | G12: ALMACENISTA | H12: SECRETARIA | I12: OFICIALES | J12: AYUDANTES | K12: MENSAJERO
B13: SALARIO ANUAL SMMLV | C13: 5 | D13: 3 | E13: 2.3 | F13: 1.5 | G13: 1 | H13: 1.5 | I13: 2 | J13: 1 | K13: 1
B14: (D) AUX. TRANS ANUAL SIN DESC (B*12) | C14: =+C15*12 -> 0 | D14: =+D15*12 -> 0 | E14: =+E15*12 -> 0 | F14: =+F15*12 -> 2989140 | G14: =+G15*12 -> 2989140 | H14: =+H15*12 -> 2989140 | I14: =+I15*12 -> 2989140 | J14: =+J15*12 -> 2989140 | K14: =+K15*12 -> 2989140
B15: (B) AUX. TRANS MES | C15: =+IF(C13<=2,$D$10,0) -> 0 | D15: =+IF(D13<=2,$D$10,0) -> 0 | E15: =+IF(E13<=2,$D$10,0) -> 0 | F15: =+IF(F13<=2,$D$10,0) -> 249095 | G15: =+IF(G13<=2,$D$10,0) -> 249095 | H15: =+IF(H13<=2,$D$10,0) -> 249095 | I15: =+IF(I13<=2,$D$10,0) -> 249095 | J15: =+IF(J13<=2,$D$10,0) -> 249095 | K15: =+IF(K13<=2,$D$10,0) -> 249095
B16: (A) SALARIO MES | C16: =ROUND($D$9*C13,0) -> 8754525 | D16: =ROUND($D$9*D13,0) -> 5252715 | E16: =ROUND($D$9*E13,0) -> 4027082 | F16: =ROUND($D$9*F13,0) -> 2626358 | G16: =ROUND($D$9*G13,0) -> 1750905 | H16: =ROUND($D$9*H13,0) -> 2626358 | I16: =ROUND($D$9*I13,0) -> 3501810 | J16: =ROUND($D$9*J13,0) -> 1750905 | K16: =ROUND($D$9*K13,0) -> 1750905
B17: (C) SUELDO ANUAL (Ax 12) | C17: =+ROUND(C16*12,0) -> 105054300 | D17: =+ROUND(D16*12,0) -> 63032580 | E17: =+ROUND(E16*12,0) -> 48324984 | F17: =+ROUND(F16*12,0) -> 31516296 | G17: =+ROUND(G16*12,0) -> 21010860 | H17: =+ROUND(H16*12,0) -> 31516296 | I17: =+ROUND(I16*12,0) -> 42021720 | J17: =+ROUND(J16*12,0) -> 21010860 | K17: =+ROUND(K16*12,0) -> 21010860
B18: (E) CESANTÍAS © | C18: =+ROUND((C16+C15)*360/360,0) -> 8754525 | D18: =+ROUND((+D16+D15)*360/360,0) -> 5252715 | E18: =+ROUND((+E16+E15)*360/360,0) -> 4027082 | F18: =+ROUND((+F16+F15)*360/360,0) -> 2875453 | G18: =+ROUND((+G16+G15)*360/360,0) -> 2000000 | H18: =+ROUND((+H16+H15)*360/360,0) -> 2875453 | I18: =+ROUND((+I16+I15)*360/360,0) -> 3750905 | J18: =+ROUND((+J16+J15)*360/360,0) -> 2000000 | K18: =+ROUND((+K16+K15)*360/360,0) -> 2000000
B19: VACACIONES © | C19: =+ROUND((C16)*360/720,0) -> 4377263 | D19: =+ROUND((D16)*360/720,0) -> 2626358 | E19: =+ROUND((E16)*360/720,0) -> 2013541 | F19: =+ROUND((F16)*360/720,0) -> 1313179 | G19: =+ROUND((G16)*360/720,0) -> 875453 | H19: =+ROUND((H16)*360/720,0) -> 1313179 | I19: =+ROUND((I16)*360/720,0) -> 1750905 | J19: =+ROUND((J16)*360/720,0) -> 875453 | K19: =+ROUND((K16)*360/720,0) -> 875453
B20: PRIMA © | C20: =+ROUND((C16+C15)*360/360,0) -> 8754525 | D20: =+ROUND((D16+D15)*360/360,0) -> 5252715 | E20: =+ROUND((E16+E15)*360/360,0) -> 4027082 | F20: =+ROUND((F16+F15)*360/360,0) -> 2875453 | G20: =+ROUND((G16+G15)*360/360,0) -> 2000000 | H20: =+ROUND((H16+H15)*360/360,0) -> 2875453 | I20: =+ROUND((I16+I15)*360/360,0) -> 3750905 | J20: =+ROUND((J16+J15)*360/360,0) -> 2000000 | K20: =+ROUND((K16+K15)*360/360,0) -> 2000000
B21: INTERES DE CESANTIA (E)*12% | C21: =+ROUND(C18*(1%*12),0) -> 1050543 | D21: =+ROUND(D18*(1%*12),0) -> 630326 | E21: =+ROUND(E18*(1%*12),0) -> 483250 | F21: =+ROUND(F18*(1%*12),0) -> 345054 | G21: =+ROUND(G18*(1%*12),0) -> 240000 | H21: =+ROUND(H18*(1%*12),0) -> 345054 | I21: =+ROUND(I18*(1%*12),0) -> 450109 | J21: =+ROUND(J18*(1%*12),0) -> 240000 | K21: =+ROUND(K18*(1%*12),0) -> 240000
B22: AUX. TRANSP CON DESC (B/30)-(360-18) | C22: =(C15/30)*(360-18) -> 0 | D22: =(D15/30)*(360-18) -> 0 | E22: =(E15/30)*(360-18) -> 0 | F22: =(F15/30)*(360-18) -> 2839683 | G22: =(G15/30)*(360-18) -> 2839683 | H22: =(H15/30)*(360-18) -> 2839683 | I22: =(I15/30)*(360-18) -> 2839683 | J22: =(J15/30)*(360-18) -> 2839683 | K22: =(K15/30)*(360-18) -> 2839683
B23: PENSIÓN ((A*12)*12%) | C23: =+ROUND(C17*12%,0) -> 12606516 | D23: =+ROUND(D17*12%,0) -> 7563910 | E23: =+ROUND(E17*12%,0) -> 5798998 | F23: =+ROUND(F17*12%,0) -> 3781956 | G23: =+ROUND(G17*12%,0) -> 2521303 | H23: =+ROUND(H17*12%,0) -> 3781956 | I23: =+ROUND(I17*12%,0) -> 5042606 | J23: =+ROUND(J17*12%,0) -> 2521303 | K23: =+ROUND(K17*12%,0) -> 2521303
B24: RIESGOS PROFESIONALES ((A*12)*6,96) | C24: =+ROUND((C16*12)*6.96%,0) -> 7311779 | D24: =+ROUND((D16*12)*6.96%,0) -> 4387068 | E24: =+ROUND((E16*12)*6.96%,0) -> 3363419 | F24: =+ROUND((F16*12)*6.96%,0) -> 2193534 | G24: =+ROUND((G16*12)*6.96%,0) -> 1462356 | H24: =+ROUND((H16*12)*6.96%,0) -> 2193534 | I24: =+ROUND((I16*12)*6.96%,0) -> 2924712 | J24: =+ROUND((J16*12)*6.96%,0) -> 1462356 | K24: =+ROUND((K16*12)*6.96%,0) -> 1462356
B25: CAJA DE COMPENSACIÓN (A*12)*4%) | C25: =+ROUND(($C$16*12)*4%,0) -> 4202172 | D25: =+ROUND((D16*12)*4%,0) -> 2521303 | E25: =+ROUND((E16*12)*4%,0) -> 1932999 | F25: =+ROUND((F16*12)*4%,0) -> 1260652 | G25: =+ROUND((G16*12)*4%,0) -> 840434 | H25: =+ROUND((H16*12)*4%,0) -> 1260652 | I25: =+ROUND((I16*12)*4%,0) -> 1680869 | J25: =+ROUND((J16*12)*4%,0) -> 840434 | K25: =+ROUND((K16*12)*4%,0) -> 840434
B26: DOTACIÓN | C26: =+IF(C13<=2,ROUND((0.04)*C17,0),0) -> 0 | D26: =+IF(D13<=2,ROUND((0.04)*D17,0),0) -> 0 | E26: =+IF(E13<=2,ROUND((0.04)*E17,0),0) -> 0 | F26: =+IF(F13<=2,ROUND((0.04)*F17,0),0) -> 1260652 | G26: =+IF(G13<=2,ROUND((0.04)*G17,0),0) -> 840434 | H26: =+IF(H13<=2,ROUND((0.04)*H17,0),0) -> 1260652 | I26: =+IF(I13<=2,ROUND((0.04)*I17,0),0) -> 1680869 | J26: =+IF(J13<=2,ROUND((0.04)*J17,0),0) -> 840434 | K26: =+IF(K13<=2,ROUND((0.04)*K17,0),0) -> 840434
B27: SUB TOTAL (ANUAL) | C27: =SUM(C18:C26) -> 47057323 | D27: =SUM(D18:D26) -> 28234395 | E27: =SUM(E18:E26) -> 21646371 | F27: =SUM(F18:F26) -> 18745616 | G27: =SUM(G18:G26) -> 13619663 | H27: =SUM(H18:H26) -> 18745616 | I27: =SUM(I18:I26) -> 23871563 | J27: =SUM(J18:J26) -> 13619663 | K27: =SUM(K18:K26) -> 13619663
B28: TOTAL (ANUAL) | C28: =+C27+C17 -> 152111623 | D28: =+D27+D17 -> 91266975 | E28: =SUM(E17:E26) -> 69971355 | F28: =SUM(F17:F26) -> 50261912 | G28: =SUM(G17:G26) -> 34630523 | H28: =SUM(H17:H26) -> 50261912 | I28: =SUM(I17:I26) -> 65893283 | J28: =SUM(J17:J26) -> 34630523 | K28: =SUM(K17:K26) -> 34630523
B29: FACTOR PRESTACIONAL | C29: =1+C27/C17 -> 1.4479333 | D29: =1+D27/D17 -> 1.4479334 | E29: =1+E27/E17 -> 1.4479333 | F29: =1+F27/F17 -> 1.5947912 | G29: =1+G27/G17 -> 1.6482202 | H29: =1+H27/H17 -> 1.5947912 | I29: =1+I27/I17 -> 1.5680768 | J29: =1+J27/J17 -> 1.6482202 | K29: =1+K27/K17 -> 1.6482202
B31: SALARIO ANUAL SMMLV | C31: =+C13 -> 5 | D31: =+D13 -> 3 | E31: =+E13 -> 2.3 | F31: =+F13 -> 1.5 | G31: =+G13 -> 1 | H31: =+H13 -> 1.5 | I31: =+I13 -> 2 | J31: =+J13 -> 1 | K31: =+K13 -> 1
B32: ANUAL | C32: =+C14+C17 -> 105054300 | D32: =+D14+D17 -> 63032580 | E32: =+E14+E17 -> 48324984 | F32: =+F14+F17 -> 34505436 | G32: =+G14+G17 -> 24000000 | H32: =+H14+H17 -> 34505436 | I32: =+I14+I17 -> 45010860 | J32: =+J14+J17 -> 24000000 | K32: =+K14+K17 -> 24000000
B33: MENSUAL | C33: =+C15+C16 -> 8754525 | D33: =+D15+D16 -> 5252715 | E33: =+E15+E16 -> 4027082 | F33: =+F15+F16 -> 2875453 | G33: =+G15+G16 -> 2000000 | H33: =+H15+H16 -> 2875453 | I33: =+I15+I16 -> 3750905 | J33: =+J15+J16 -> 2000000 | K33: =+K15+K16 -> 2000000
A34: LYR | B34: DÍA | C34: =+C33/30 -> 291817.5 | D34: =+D33/30 -> 175090.5 | E34: =+E33/30 -> 134236.07 | F34: =+F33/30 -> 95848.433 | G34: =+G33/30 -> 66666.667 | H34: =+H33/30 -> 95848.433 | I34: =+I33/30 -> 125030.17 | J34: =+J33/30 -> 66666.667 | K34: =+K33/30 -> 66666.667
B35: HORA | C35: =+ROUND(C34/8,0) -> 36477 | D35: =+ROUND(D34/8,0) -> 21886 | E35: =+ROUND(E34/8,0) -> 16780 | F35: =+ROUND(F34/8,0) -> 11981 | G35: =+ROUND(G34/8,0) -> 8333 | H35: =+ROUND(H34/8,0) -> 11981 | I35: =+ROUND(I34/8,0) -> 15629 | J35: =+ROUND(J34/8,0) -> 8333 | K35: =+ROUND(K34/8,0) -> 8333
B38: DESCRIPCION | C38: AMBIENTAL | D38: PROFESIONAL SISO | E38: VIGILANTE | F38: AYUDANTE | G38: OFICIAL | H38: MAESTRO | I38: OPERADOR MOTOR | J38: AUXILIAR SISO
B39: SALARIO ANUAL SMMLV | C39: 4 | D39: 4 | E39: 1 | F39: 1 | G39: 2 | H39: 2.5 | I39: 1.5 | J39: 2.1171719 | K39: 4
B40: (D) AUX. TRANS ANUAL SIN DESC (B*12) | C40: =+C41*12 -> 0 | D40: =+D41*12 -> 0 | E40: =+E41*12 -> 2989140 | F40: =+F41*12 -> 2989140 | G40: =+G41*12 -> 2989140 | H40: =+H41*12 -> 0 | I40: =+I41*12 -> 2989140 | J40: =+J41*12 -> 0 | K40: =+K41*12 -> 0
B41: (B) AUX. TRANS MES | C41: =+IF(C39<=2,$D$10,0) -> 0 | D41: =+IF(D39<=2,$D$10,0) -> 0 | E41: =+IF(E39<=2,$D$10,0) -> 249095 | F41: =+IF(F39<=2,$D$10,0) -> 249095 | G41: =+IF(G39<=2,$D$10,0) -> 249095 | H41: =+IF(H39<=2,$D$10,0) -> 0 | I41: =+IF(I39<=2,$D$10,0) -> 249095 | J41: =+IF(J39<=2,$D$10,0) -> 0 | K41: =+IF(K39<=2,$D$10,0) -> 0
B42: (A) SALARIO MES | C42: =ROUND($D$9*C39,0) -> 7003620 | D42: =ROUND($D$9*D39,0) -> 7003620 | E42: =ROUND($D$9*E39,0) -> 1750905 | F42: =ROUND($D$9*F39,0) -> 1750905 | G42: =ROUND($D$9*G39,0) -> 3501810 | H42: =ROUND($D$9*H39,0) -> 4377263 | I42: =ROUND($D$9*I39,0) -> 2626358 | J42: =ROUND($D$9*J39,0) -> 3706967 | K42: =ROUND($D$9*K39,0) -> 7003620
B43: (C) SUELDO ANUAL (Ax 12) | C43: =+ROUND(C42*12,0) -> 84043440 | D43: =+ROUND(D42*12,0) -> 84043440 | E43: =+ROUND(E42*12,0) -> 21010860 | F43: =+ROUND(F42*12,0) -> 21010860 | G43: =+ROUND(G42*12,0) -> 42021720 | H43: =+ROUND(H42*12,0) -> 52527156 | I43: =+ROUND(I42*12,0) -> 31516296 | J43: =+ROUND(J42*12,0) -> 44483604 | K43: =+ROUND(K42*12,0) -> 84043440
B44: (E) CESANTÍAS (C)*11.17% | C44: =+ROUND((C42+C41)*360/360,0) -> 7003620 | D44: =+ROUND((D42+D41)*360/360,0) -> 7003620 | E44: =+ROUND((E42+E41)*360/360,0) -> 2000000 | F44: =+ROUND((F42+F41)*360/360,0) -> 2000000 | G44: =+ROUND((G42+G41)*360/360,0) -> 3750905 | H44: =+ROUND((H42+H41)*360/360,0) -> 4377263 | I44: =+ROUND((I42+I41)*360/360,0) -> 2875453 | J44: =+ROUND((J42+J41)*360/360,0) -> 3706967 | K44: =+ROUND((K42+K41)*360/360,0) -> 7003620
B45: VACACIONES (C)*4.17% | C45: =+ROUND(C42*360/720,0) -> 3501810 | D45: =+ROUND(D42*360/720,0) -> 3501810 | E45: =+ROUND(E42*360/720,0) -> 875453 | F45: =+ROUND(F42*360/720,0) -> 875453 | G45: =+ROUND(G42*360/720,0) -> 1750905 | H45: =+ROUND(H42*360/720,0) -> 2188632 | I45: =+ROUND(I42*360/720,0) -> 1313179 | J45: =+ROUND(J42*360/720,0) -> 1853484 | K45: =+ROUND(K42*360/720,0) -> 3501810
B46: PRIMA (C)*8.33 | C46: =+ROUND((C41+C42)*360/360,0) -> 7003620 | D46: =+ROUND((D41+D42)*360/360,0) -> 7003620 | E46: =+ROUND((E41+E42)*360/360,0) -> 2000000 | F46: =+ROUND((F41+F42)*360/360,0) -> 2000000 | G46: =+ROUND((G41+G42)*360/360,0) -> 3750905 | H46: =+ROUND((H41+H42)*360/360,0) -> 4377263 | I46: =+ROUND((I41+I42)*360/360,0) -> 2875453 | J46: =+ROUND((J41+J42)*360/360,0) -> 3706967 | K46: =+ROUND((K41+K42)*360/360,0) -> 7003620
B47: INTERES DE CESANTIA (E*1%)*12 | C47: =+ROUND(C44*(1%*12),0) -> 840434 | D47: =+ROUND(D44*(1%*12),0) -> 840434 | E47: =+ROUND(E44*(1%*12),0) -> 240000 | F47: =+ROUND(F44*(1%*12),0) -> 240000 | G47: =+ROUND(G44*(1%*12),0) -> 450109 | H47: =+ROUND(H44*(1%*12),0) -> 525272 | I47: =+ROUND(I44*(1%*12),0) -> 345054 | J47: =+ROUND(J44*(1%*12),0) -> 444836 | K47: =+ROUND(K44*(1%*12),0) -> 840434
B48: AUX. TRANSP CON DESC (B/30)-(360-18) | C48: =(C41/30)*(360-18) -> 0 | D48: =(D41/30)*(360-18) -> 0 | E48: =(E41/30)*(360-18) -> 2839683 | F48: =(F41/30)*(360-18) -> 2839683 | G48: =(G41/30)*(360-18) -> 2839683 | H48: =(H41/30)*(360-18) -> 0 | I48: =(I41/30)*(360-18) -> 2839683 | J48: =(J41/30)*(360-18) -> 0 | K48: =(K41/30)*(360-18) -> 0
B49: PENSIÓN ((A*12)*12%) | C49: =+ROUND(C43*12%,0) -> 10085213 | D49: =+ROUND(D43*12%,0) -> 10085213 | E49: =+ROUND(E43*12%,0) -> 2521303 | F49: =+ROUND(F43*12%,0) -> 2521303 | G49: =+ROUND(G43*12%,0) -> 5042606 | H49: =+ROUND(H43*12%,0) -> 6303259 | I49: =+ROUND(I43*12%,0) -> 3781956 | J49: =+ROUND(J43*12%,0) -> 5338032 | K49: =+ROUND(K43*12%,0) -> 10085213
B50: RIESGOS PROFESIONALES ((A*12)*6,96) | C50: =+ROUND((C42*12)*6.96%,0) -> 5849423 | D50: =+ROUND((D42*12)*6.96%,0) -> 5849423 | E50: =+ROUND((E42*12)*6.96%,0) -> 1462356 | F50: =+ROUND((F42*12)*6.96%,0) -> 1462356 | G50: =+ROUND((G42*12)*6.96%,0) -> 2924712 | H50: =+ROUND((H42*12)*6.96%,0) -> 3655890 | I50: =+ROUND((I42*12)*6.96%,0) -> 2193534 | J50: =+ROUND((J42*12)*6.96%,0) -> 3096059 | K50: =+ROUND((K42*12)*6.96%,0) -> 5849423
B51: CAJA DE COMPENSACIÓN (A*12)*4%) | C51: =+ROUND(($C$42*12)*4%,0) -> 3361738 | D51: =+ROUND((D42*12)*4%,0) -> 3361738 | E51: =+ROUND((E42*12)*4%,0) -> 840434 | F51: =+ROUND((F42*12)*4%,0) -> 840434 | G51: =+ROUND((G42*12)*4%,0) -> 1680869 | H51: =+ROUND((H42*12)*4%,0) -> 2101086 | I51: =+ROUND((I42*12)*4%,0) -> 1260652 | J51: =+ROUND((J42*12)*4%,0) -> 1779344 | K51: =+ROUND((K42*12)*4%,0) -> 3361738
B52: DOTACIÓN | C52: =+IF(C39<=2,ROUND((0.04)*C43,0),0) -> 0 | D52: =+IF(D39<=2,ROUND((0.04)*D43,0),0) -> 0 | E52: =+IF(E39<=2,ROUND((0.04)*E43,0),0) -> 840434 | F52: =+IF(F39<=2,ROUND((0.04)*F43,0),0) -> 840434 | G52: =+IF(G39<=2,ROUND((0.04)*G43,0),0) -> 1680869 | H52: =+IF(H39<=2,ROUND((0.04)*H43,0),0) -> 0 | I52: =+IF(I39<=2,ROUND((0.04)*I43,0),0) -> 1260652 | J52: =+IF(J39<=2,ROUND((0.04)*J43,0),0) -> 0 | K52: =+IF(K39<=2,ROUND((0.04)*K43,0),0) -> 0
B53: SUB TOTAL (ANUAL) | C53: =SUM(C44:C52) -> 37645858 | D53: =SUM(D44:D52) -> 37645858 | E53: =SUM(E44:E52) -> 13619663 | F53: =SUM(F44:F52) -> 13619663 | G53: =SUM(G44:G52) -> 23871563 | H53: =SUM(H44:H52) -> 23528665 | I53: =SUM(I44:I52) -> 18745616 | J53: =SUM(J44:J52) -> 19925689 | K53: =SUM(K44:K52) -> 37645858
B54: TOTAL (ANUAL) | C54: =+C53+C43 -> 121689298 | D54: =+D53+D43 -> 121689298 | E54: =SUM(E43:E52) -> 34630523 | F54: =SUM(F43:F52) -> 34630523 | G54: =SUM(G43:G52) -> 65893283 | H54: =SUM(H43:H52) -> 76055821 | I54: =SUM(I43:I52) -> 50261912 | J54: =SUM(J43:J52) -> 64409293 | K54: =SUM(K43:K52) -> 121689298
B55: FACTOR PRESTACIONAL | C55: =+ROUND((1+C53/C43),2) -> 1.45 | D55: =+ROUND((1+D53/D43),2) -> 1.45 | E55: =+ROUND((1+E53/E43),2) -> 1.65 | F55: =+ROUND((1+F53/F43),2) -> 1.65 | G55: =+ROUND((1+G53/G43),2) -> 1.57 | H55: =+ROUND((1+H53/H43),2) -> 1.45 | I55: =+ROUND((1+I53/I43),2) -> 1.59 | J55: =+ROUND((1+J53/J43),2) -> 1.45 | K55: =+ROUND((1+K53/K43),2) -> 1.45
B56: SALARIO NOMINAL
B57: SALARIO ANUAL SMMLV | C57: =+C39 -> 4 | D57: =+D39 -> 4 | E57: =+E39 -> 1 | F57: =+F39 -> 1 | G57: =+G39 -> 2 | H57: =+H39 -> 2.5 | I57: =+I39 -> 1.5 | J57: =+J39 -> 2.1171719 | K57: =+K39 -> 4
B58: ANUAL | C58: =+C40+C43 -> 84043440 | D58: =+D40+D43 -> 84043440 | E58: =+E40+E43 -> 24000000 | F58: =+F40+F43 -> 24000000 | G58: =+G40+G43 -> 45010860 | H58: =+H40+H43 -> 52527156 | I58: =+I40+I43 -> 34505436 | J58: =+J40+J43 -> 44483604 | K58: =+K40+K43 -> 84043440
B59: MENSUAL | C59: =+C41+C42 -> 7003620 | D59: =+D41+D42 -> 7003620 | E59: =+E41+E42 -> 2000000 | F59: =+F41+F42 -> 2000000 | G59: =+G41+G42 -> 3750905 | H59: =+H41+H42 -> 4377263 | I59: =+I41+I42 -> 2875453 | J59: =+J41+J42 -> 3706967 | K59: =+K41+K42 -> 7003620
B60: DÍA | C60: =+C59/30 -> 233454 | D60: =+D59/30 -> 233454 | E60: =+E59/30 -> 66666.667 | F60: =+F59/30 -> 66666.667 | G60: =+G59/30 -> 125030.17 | H60: =+H59/30 -> 145908.77 | I60: =+I59/30 -> 95848.433 | J60: =+J59/30 -> 123565.57 | K60: =+K59/30 -> 233454
B61: HORA | C61: =+ROUND(C60/8,0) -> 29182 | D61: =+ROUND(D60/8,0) -> 29182 | E61: =+ROUND(E60/8,0) -> 8333 | F61: =+ROUND(F60/8,0) -> 8333 | G61: =+ROUND(G60/8,0) -> 15629 | H61: =+ROUND(H60/8,0) -> 18239 | I61: =+ROUND(I60/8,0) -> 11981 | J61: =+ROUND(J60/8,0) -> 15446 | K61: =+ROUND(K60/8,0) -> 29182
G62: =+G60*G55 -> 196297.36
B110: CÁLCULO DEL SOBRECOSTO PARA HORAS EFECTIVAS TRABAJADAS
B111: (F) SALARIO MÍNIMO ANUAL CON PRESTACIONES | D111: =+C28 -> 152111623
B112: (G) HORAS CALENDARIO ANUALES | C112: 360x8 HORAS | D112: =360*8 -> 2880
B113: (H) HORAS LABORALESANUALES | C113: 52 SEMANAS X48 HORAS | D113: =48*52 -> 2496
B114: (I) HORAS EFECTIVAS ANUALES | C114: 2920-((52DOMINGOS+15 FESTIVOS+3PERMISOS+15DIAS VACACIONES)X8 HORAS) | D114: =+(365-53-17-3-15)*8 -> 2216
B115: (J) VALOR HORA CALENDARIO (F/G) | D115: =+D111/D112 -> 52816.536 | E115: 1
B116: (K) VALOR HORA LABORAL (F/H) | D116: =+D111/D113 -> 60942.157 | E116: =+(D116*E115)/D115 -> 1.1538462
B117: (L) VALOR HORA EFECTIVA (F/I) | D117: =+D111/D114 -> 68642.429 | E117: =+(D117*E116)/D116 -> 1.299639
B119: SALARIO ANUAL SMMLV | C119: 1 | D119: 1.2 | E119: 1.5 | F119: 1.8 | G119: 2 | H119: 2.5 | I119: 3 | J119: 3.5 | K119: 4
B120: PORCENTAJE SALARIO VS SALARIO MÁS ADICIONES ((TOTAL ANUALX100%)/(SUELDO ANUAL+AUXILIO TRANSPORTE ANUAL) | C120: =+(C28*100%)/(C14+C17) -> 1.4479333 | D120: =+(D28*100%)/(D14+D17) -> 1.4479334 | E120: =+(E28*100%)/(E14+E17) -> 1.4479333 | F120: =+(F28*100%)/(F14+F17) -> 1.4566375 | G120: =+(G28*100%)/(G14+G17) -> 1.4429385 | H120: =+(H28*100%)/(H14+H17) -> 1.4566375 | I120: =+(I28*100%)/(I14+I17) -> 1.4639419 | J120: =+(J28*100%)/(J14+J17) -> 1.4429385 | K120: =+(K28*100%)/(K14+K17) -> 1.4429385
B121: PORCENTAJE HORA EFECTIVA BASE HORA CALENDARIO | C121: =+C120*$E$118 -> 0 | D121: =+D120*$E$118 -> 0 | E121: =+E120*$E$118 -> 0 | F121: =+F120*$E$118 -> 0 | G121: =+G120*$E$118 -> 0 | H121: =+H120*$E$118 -> 0 | I121: =+I120*$E$118 -> 0 | J121: =+J120*$E$118 -> 0 | K121: =+K120*$E$118 -> 0
B123: SUELDOS Y PARAFISCALES PERSONAL DE OBRA POR ADMINISTRACIÓN
B125: DESCRIPCION | C125: DIRECTOR DE OBRA | D125: RESIDENTE DE OBRA | E125: ALMACENISTA | F125: VIGILANTE | G125: COMISION TOPOGRÁFICA
G126: TOPÓGRAFO | H126: EJERO O CADENERO | I126: ALQUILER EQUIPO
B127: SALARIO ANUAL SMMLV | C127: 5 | D127: 2.5 | E127: 1.5 | F127: 1.2 | G127: 3 | H127: 1.5 | I127: 250000
B128: AUX. TRANS ANUAL SIN DESC (B*12) | C128: =+C129*12 -> 0 | D128: =+D129*12 -> 0 | E128: =+E129*12 -> 0 | F128: =+F129*12 -> 0 | G128: =+G129*12 -> 0 | H128: =+H129*12 -> 0
B129: (B) AUX. TRANS MES | C129: =+IF(C127<=2,$D$11,0) -> 0 | D129: =+IF(D127<=2,$D$11,0) -> 0 | E129: =+IF(E127<=2,$D$11,0) -> 0 | F129: =+IF(F127<=2,$D$11,0) -> 0 | G129: =+IF(G127<=2,$D$11,0) -> 0 | H129: =+IF(H127<=2,$D$11,0) -> 0
B130: (A) SALARIO MES | C130: =ROUND($D$10*C127,0) -> 1245475 | D130: =ROUND($D$10*D127,0) -> 622738 | E130: =ROUND($D$10*E127,0) -> 373643 | F130: =ROUND($D$10*F127,0) -> 298914 | G130: =ROUND($D$10*G127,0) -> 747285 | H130: =ROUND($D$10*H127,0) -> 373643
B131: SUELDO ANUAL (Ax 12) | C131: =+ROUND(C130*12,0) -> 14945700 | D131: =+ROUND(D130*12,0) -> 7472856 | E131: =+ROUND(E130*12,0) -> 4483716 | F131: =+ROUND(F130*12,0) -> 3586968 | G131: =+ROUND(G130*12,0) -> 8967420 | H131: =+ROUND(H130*12,0) -> 4483716
B132: (C ) CESANTÍAS (A+B)*10% | C132: =+ROUND(($C$132)*#REF!,0) -> #REF! | D132: =+ROUND(($D$132)*#REF!,0) -> #REF! | E132: =+ROUND(($E$132)*#REF!,0) -> #REF! | F132: =+ROUND(($F$132)*#REF!,0) -> #REF! | G132: =+ROUND(($G$132)*#REF!,0) -> #REF! | H132: =+ROUND(($H$132)*#REF!,0) -> #REF!
B133: VACACIONES (A+B) | C133: =+ROUND(($C$132)*#REF!,0) -> #REF! | D133: =+ROUND(($D$132)*#REF!,0) -> #REF! | E133: =+ROUND(($E$132)*#REF!,0) -> #REF! | F133: =+ROUND(($F$132)*#REF!,0) -> #REF! | G133: =+ROUND(($G$132)*#REF!,0) -> #REF! | H133: =+ROUND(($H$132)*#REF!,0) -> #REF!
B134: PRIMA (A+B) | C134: =+ROUND(($C$132)*#REF!,0) -> #REF! | D134: =+ROUND(($D$132)*#REF!,0) -> #REF! | E134: =+ROUND(($E$132)*#REF!,0) -> #REF! | F134: =+ROUND(($F$132)*#REF!,0) -> #REF! | G134: =+ROUND(($G$132)*#REF!,0) -> #REF! | H134: =+ROUND(($H$132)*#REF!,0) -> #REF!
B135: INTERÉS DE CESANTIA (CX12%) | C135: =+ROUND(($C$132)*#REF!,0) -> #REF! | D135: =+ROUND(($D$132)*#REF!,0) -> #REF! | E135: =+ROUND(($E$132)*#REF!,0) -> #REF! | F135: =+ROUND(($F$132)*#REF!,0) -> #REF! | G135: =+ROUND(($G$132)*#REF!,0) -> #REF! | H135: =+ROUND(($H$132)*#REF!,0) -> #REF!
B136: FONDO FORMACIÓN PROFESIONAL DEL SENA (A+12/40) | C136: =+ROUND(($C$132)*#REF!,0) -> #REF! | D136: =+ROUND(($D$132)*#REF!,0) -> #REF! | E136: =+ROUND(($E$132)*#REF!,0) -> #REF! | F136: =+ROUND(($F$132)*#REF!,0) -> #REF! | G136: =+ROUND(($G$132)*#REF!,0) -> #REF! | H136: =+ROUND(($H$132)*#REF!,0) -> #REF!
B137: AUX. TRANSP CON DESC (B/30)-(360-18) | C137: =+ROUND(($C$132)*#REF!,0) -> #REF! | D137: =+ROUND(($D$132)*#REF!,0) -> #REF! | E137: =+ROUND(($E$132)*#REF!,0) -> #REF! | F137: =+ROUND(($F$132)*#REF!,0) -> #REF! | G137: =+ROUND(($G$132)*#REF!,0) -> #REF! | H137: =+ROUND(($H$132)*#REF!,0) -> #REF!
B138: SALUD, ENFERMEDAD GENERAL Y MUERTE SEGÚN CREE | C138: =+ROUND(($C$132)*#REF!,0) -> #REF! | D138: =+ROUND(($D$132)*#REF!,0) -> #REF! | E138: =+ROUND(($E$132)*#REF!,0) -> #REF! | F138: =+ROUND(($F$132)*#REF!,0) -> #REF! | G138: =+ROUND(($G$132)*#REF!,0) -> #REF! | H138: =+ROUND(($H$132)*#REF!,0) -> #REF!
B139: PENSIÓN ((A*12)*12%) | C139: =+ROUND(($C$132)*#REF!,0) -> #REF! | D139: =+ROUND(($D$132)*#REF!,0) -> #REF! | E139: =+ROUND(($E$132)*#REF!,0) -> #REF! | F139: =+ROUND(($F$132)*#REF!,0) -> #REF! | G139: =+ROUND(($G$132)*#REF!,0) -> #REF! | H139: =+ROUND(($H$132)*#REF!,0) -> #REF!
B140: RIESGOS PROFESIONALES ((A*12)*6,96) | C140: =+ROUND(($C$132)*#REF!,0) -> #REF! | D140: =+ROUND(($D$132)*#REF!,0) -> #REF! | E140: =+ROUND(($E$132)*#REF!,0) -> #REF! | F140: =+ROUND(($F$132)*#REF!,0) -> #REF! | G140: =+ROUND(($G$132)*#REF!,0) -> #REF! | H140: =+ROUND(($H$132)*#REF!,0) -> #REF!
B141: CAJA DE COMPENSACIÓN (A*12)*4%) | C141: =+ROUND(($C$132)*#REF!,0) -> #REF! | D141: =+ROUND(($D$132)*#REF!,0) -> #REF! | E141: =+ROUND(($E$132)*#REF!,0) -> #REF! | F141: =+ROUND(($F$132)*#REF!,0) -> #REF! | G141: =+ROUND(($G$132)*#REF!,0) -> #REF! | H141: =+ROUND(($H$132)*#REF!,0) -> #REF!
B142: SENA SEGÚN CREE | C142: =+ROUND(($C$132)*#REF!,0) -> #REF! | D142: =+ROUND(($D$132)*#REF!,0) -> #REF! | E142: =+ROUND(($E$132)*#REF!,0) -> #REF! | F142: =+ROUND(($F$132)*#REF!,0) -> #REF! | G142: =+ROUND(($G$132)*#REF!,0) -> #REF! | H142: =+ROUND(($H$132)*#REF!,0) -> #REF!
B143: ICBF SEGÚN CREE | C143: =+ROUND(($C$132)*#REF!,0) -> #REF! | D143: =+ROUND(($D$132)*#REF!,0) -> #REF! | E143: =+ROUND(($E$132)*#REF!,0) -> #REF! | F143: =+ROUND(($F$132)*#REF!,0) -> #REF! | G143: =+ROUND(($G$132)*#REF!,0) -> #REF! | H143: =+ROUND(($H$132)*#REF!,0) -> #REF!
B144: DOTACIÓN | C144: =+IF(C127<=2,ROUND((#REF!)*C131,0),0) -> 0 | D144: =+IF(D127<=2,ROUND((#REF!)*D131,0),0) -> 0 | E144: =+IF(E127<=2,ROUND((#REF!)*E131,0),0) -> #REF! | F144: =+IF(F127<=2,ROUND((#REF!)*F131,0),0) -> #REF! | G144: =+IF(G127<=2,ROUND((#REF!)*G131,0),0) -> 0 | H144: =+IF(H127<=2,ROUND((#REF!)*H131,0),0) -> #REF!
B145: EXAMEN MÉDICO | C145: =+ROUND(($C$132)*#REF!,0) -> #REF! | D145: =+ROUND(($D$132)*#REF!,0) -> #REF! | E145: =+ROUND(($E$132)*#REF!,0) -> #REF! | F145: =+ROUND(($F$132)*#REF!,0) -> #REF! | G145: =+ROUND(($G$132)*#REF!,0) -> #REF! | H145: =+ROUND(($H$132)*#REF!,0) -> #REF!
B146: TOTAL (X) | C146: =SUM(C131:C145)-6 -> #REF! | D146: =SUM(D131:D145)+3 -> #REF! | E146: =SUM(E131:E145) -> #REF! | F146: =SUM(F131:F145) -> #REF! | G146: =SUM(G131:G145) -> #REF! | H146: =SUM(H131:H145) -> #REF! | I146: =+I127*12 -> 3000000
B147: TOTAL MES | C147: =ROUND(C146/12,0) -> #REF! | D147: =D146/12 -> #REF! | E147: =E146/12 -> #REF! | F147: =F146/12 -> #REF! | G147: =G146/12 -> #REF! | H147: =H146/12 -> #REF! | I147: =I146/12 -> 250000 | J147: =+D147/D130 -> #REF! | K147: =+G147/30 -> #REF!
B148: FACTOR PRESTACIONAL | C148: =+C147/C130 -> #REF! | D148: =+D146/D131 -> #REF! | E148: =+E146/E131 -> #REF! | F148: =+F146/F131 -> #REF! | G148: =+G146/G131 -> #REF! | H148: =+H146/H131 -> #REF! | I148: =I147/12 -> 20833.333 | J148: =+D148/D131 -> #REF! | K148: =+G148/30 -> #REF!
G149: =+G147+H147+I147 -> #REF!
G150: =+G146/G131 -> #REF!
B151: DESCRIPCION | C151: RECURSOS HUMANOS | D151: MAESTRO AUXILIAR | E151: CONTRAMAESTRO | F151: EJERO | G151: OFICIALES | H151: AYUDANTES | I151: TECNICO EN SEGURIDAD INDUSTRIAL | J151: AUXILIAR ADMINISTRATIVO | K151: MAESTRO GENERAL
B153: SALARIO ANUAL SMMLV | C153: 2.3 | D153: 2 | E153: 1.8 | F153: 1.5 | G153: 2 | H153: 1 | I153: 2.3 | J153: 1 | K153: 2.3
B154: AUX TRANS ANUAL SIN DESC (B*12) | C154: =+C155*12 -> 0 | D154: =+D155*12 -> 0 | E154: =+E155*12 -> 0 | F154: =+F155*12 -> 0 | G154: =+G155*12 -> 0 | H154: =+H155*12 -> 0 | I154: =+I155*12 -> 0 | J154: =+J155*12 -> 0 | K154: =+K155*12 -> 0
B155: (B) AUX TRANS MES | C155: =+IF(C153<=2,$D$11,0) -> 0 | D155: =+IF(D153<=2,$D$11,0) -> 0 | E155: =+IF(E153<=2,$D$11,0) -> 0 | F155: =+IF(F153<=2,$D$11,0) -> 0 | G155: =+IF(G153<=2,$D$11,0) -> 0 | H155: =+IF(H153<=2,$D$11,0) -> 0 | I155: =+IF(I153<=2,$D$11,0) -> 0 | J155: =+IF(J153<=2,$D$11,0) -> 0 | K155: =+IF(K153<=2,$D$11,0) -> 0
B156: (A) SALARIO MES | C156: =ROUND($D$10*C153,0) -> 572919 | D156: =ROUND($D$10*D153,0) -> 498190 | E156: =ROUND($D$10*E153,0) -> 448371 | F156: =ROUND($D$10*F153,0) -> 373643 | G156: =ROUND($D$10*G153,0) -> 498190 | H156: =ROUND($D$10*H153,0) -> 249095 | I156: =ROUND($D$10*I153,0) -> 572919 | J156: =ROUND($D$10*J153,0) -> 249095 | K156: =ROUND($D$10*K153,0) -> 572919
B157: SUELDO ANUAL (Ax 12) | C157: =+ROUND(C156*12,0) -> 6875028 | D157: =+ROUND(D156*12,0) -> 5978280 | E157: =+ROUND(E156*12,0) -> 5380452 | F157: =+ROUND(F156*12,0) -> 4483716 | G157: =+ROUND(G156*12,0) -> 5978280 | H157: =+ROUND(H156*12,0) -> 2989140 | I157: =+ROUND(I156*12,0) -> 6875028 | J157: =+ROUND(J156*12,0) -> 2989140 | K157: =+ROUND(K156*12,0) -> 6875028
...

Sheet EQUIPO
A2: DEPARTAMENTO DE ANTIOQUIA
A3: MUNICIPIO DE CAUCASIA
A4: SECRETARIA DE PLANEACION Y OBRAS PUBLICAS
A6: OBJETO:
A7: =Presupuesto!A8 -> ADECUCACION CIUDADELA EDUCATIVA DEL MUNICIPIO DE CAUCASIA DEPARTAMENTO DE ANTIOQUIA
A8: EQUIPO
A10: ITEM | B10: DESCRIPCION | C10: UND | D10: CANT. | E10: VR. UNIT.
A11: 1 | B11: Equipo trabajo alturas | C11: UN | D11: 1 | E11: 30000
A12: 2 | B12: Cuerpo andamio + tablon | C12: UN | D12: 1 | E12: 4000 | H12: Equipo trabajo alturas
A13: 3 | B13: Taladro | C13: UN | D13: 1 | E13: 30000 | H13: Cuerpo andamio + tablon
A14: 4 | B14: Compresor | C14: UN | D14: 1 | E14: 50000 | H14: Taladro
A15: 5 | B15: Equipo de soldadura eléctrica | C15: UN | D15: 1 | E15: 100000
B18: =CRONOGRAMA!B42 -> MANUEL ANGEL MUÑOZ PEREZ
B19: =CRONOGRAMA!B43 -> DIRECTOR DE OBRAS PUBLICAS
B20: NOMBRE | C20: CARGO | E20: FIRMA
A21: PROYECTÓ: | B21: =Presupuesto!B41 -> JEFFERSON CAMILO PRECIADO | C21: Contratista, Apoyo obras publicas
A22: REVISÓ: | B22: =B18 -> MANUEL ANGEL MUÑOZ PEREZ | C22: =B19 -> DIRECTOR DE OBRAS PUBLICAS
A23: Los de arriba firmante hemos declarado que revisamos el documento y lo encontramos ajustado a las normas y disposiciones legales vigentes y por lo tanto, bajo nuestra responsabilidad lo presentamos para la firma.

Sheet MATERIALES
A2: DEPARTAMENTO DE ANTIOQUIA
A3: MUNICIPIO DE CAUCASIA
A4: SECRETARIA DE PLANEACION Y OBRAS PUBLICAS
A6: OBJETO:
A7: =+EQUIPO!A7 -> ADECUCACION CIUDADELA EDUCATIVA DEL MUNICIPIO DE CAUCASIA DEPARTAMENTO DE ANTIOQUIA
A8: MATERIALES DE CONSTRUCCIÓN
A10: ITEM | B10: DESCRIPCION | C10: UND | D10: VR. UNIT.
A11: 1 | B11: Cubierta en temoacustica en calibre 2,5mm COLOR BLANCO | C11: m2 | D11: =APU!G219 -> 60000
A12: 2 | B12: Tornillo autoperforante correa *2-5/8 | C12: un | D12: 1201 | G12: Equipo trabajo alturas
A13: 3 | B13: Perfil C 160 x 60 x 2.0mm x 6m para cuerda superior e inferior | C13: ml | D13: =APU!#REF! -> #REF! | G13: Cuerpo andamio + tablon
A14: 4 | B14: Pintura anticorrosiva | C14: gal | D14: 67900 | G14: Taladro
A15: 5 | B15: Soldadura 6011 | C15: kg | D15: 17900
A16: 6 | B16: Abastos con llave de control | C16: UN. | D16: 6500
A17: 7 | B17: Acelerante de concreto | C17: Kg | D17: 19980
A18: 8 | B18: Aditivo Acelerante Para Concreto 5kg SikaSet L | C18: Kg | D18: =+F18/5 -> 0
A19: 9 | B19: Acero de refuerzo de FY = 4.200 Kg/cm 2 (60.000 PSI). | C19: Kg | D19: 7000
A20: 10 | B20: Acido muriatico | C20: Gal | D20: =+H21 -> 0
A21: 11 | B21: Acondicionador B Agua Washprimer Crema 1/4 Galón | C21: GAL | D21: 42900
A22: 12 | B22: Adaptador hembra de 1/2" Presion | C22: UN. | D22: 545
A23: 13 | B23: Adaptador hembra de 1" Presion | D23: 2000
A24: 14 | B24: Adaptador macho de 1/2" Presion | C24: UN. | D24: 545
A25: 15 | B25: Adaptador macho de 1" Presion | C25: UN. | D25: 2000
A26: 16 | B26: Adaptador terminal conduit de 1/2" | C26: UN. | D26: 550
A27: 17 | B27: Agua para mezclado | C27: Glo. | D27: 200
A28: 18 | B28: Aislador | C28: UN. | D28: 25000
A29: 19 | B29: Alambre Calibre 12 Galvanizado | C29: KG | D29: 9900
A30: 20 | B30: Alambre Calibre 16 Galvanizado | C30: KG | D30: 17900
A31: 21 | B31: Alambre Negro | C31: Kg | D31: 8500
A32: 22 | B32: Alambre rigido Nº 8 | C32: ML | D32: 6480
A33: 23 | B33: Alambre rigido Nº 12 | C33: ML | D33: 2550
A34: 24 | B34: Alambre rigido Nº 14 | C34: ML | D34: 1830
A35: 25 | B35: Alambre duplex # 12 | C35: ML | D35: 6149
... A41: 31 | B41: Arandela Ø5/16" | C41: UND | D41: 200
A42: 32 | B42: Arena Clasificada | C42: M3 | D42: =340000/6 -> 56666.667
A43: 33 | B43: Pared Estruct Calais Beige 25x35cm Caja 2 m2 | C43: M2 | D43: 24500
A44: 34 | B44: Baldosa en grano #1 gris 30x30cm | C44: M2 | D44: 30500
A45: 35 | B45: Barra de Seguridad 30 pulgadas para baño minusvalidos | C45: UN. | D45: 198200
A46: 36 | B46: Base Soporte Angulo Aireacondicionado | C46: UN. | D46: 94000
A47: 37 | B47: Bloque 0,15 M | C47: Und | D47: 3400
A48: 38 | B48: Bloque 0,12 M | C48: Und | D48: 2100
A49: 39 | B49: Bloque 0,10 M | C49: Und | D49: 1650
A50: 40 | B50: Bombillo ahorrador | C50: UN. | D50: 4850
A51: 41 | B51: Bombillo metal halide 400 w - 220 v Luz blanca | C51: UN. | D51: 25000
A52: 42 | B52: Bombillo metal halide 400 w - 220 v Luz de mercurio | C52: UN. | D52: 37500
A53: 43 | B53: Bordillo de concreto prefabricado 15x35 cm | C53: Ml | D53: 40000
A54: 44 | B54: Brazo Para Lámpara o reflectores Solar | C54: UN. | D54: 27900
... A77: 67 | B77: Cal | C77: Kg | D77: 1490
A78: 68 | B78: Canal amazon x 3mts | C78: Ml | D78: =107997/3 -> 35999
A79: 69 | B79: Canal Base 9 3-5/8 x 1pg 0.38mm 2.44m driwall | C79: UN. | D79: 10900
A80: 70 | B80: Canal Base 9 3-5/8 x 1pg 0.38mm 3,05m driwall | C80: UN. | D80: 12900
A81: 71 | B81: Canoa lamina galvanizada calibre 20 | C81: ml | D81: 80000
A82: 72 | B82: Cemento Gris | C82: Bul | D82: =27500*1.15 -> 31625
A83: 73 | B83: Cemento blanco | C83: Kg | D83: 1372
A84: 74 | B84: Cepillo de alambre largo | C84: UND | D84: 6900
A85: 75 | B85: Ceramica pared de 20cm x 30cm | C85: M2 | D85: 28000
A86: 76 | B86: Ceramica piso de 20 cm x 20 cm | C86: M2 | D86: 26000
A87: 77 | B87: Ceramica piso de 33.8cm x 33.8cm | C87: M2 | D87: 32000
A88: 78 | B88: Cerrajeria metalica para puertas y ventanas | C88: M2 | D88: 94156
A89: 79 | B89: Cerrajeria metalica para puertas tipo persiana | C89: M2 | D89: 125000
A90: 80 | B90: Cerradura Pomo tipo yale o similar | C90: UN. | D90: 40900
A91: 81 | B91: Cheque interruptor Motobomba sumergible | C91: UN. | D91: 45000
A92: 82 | B92: Cinta Aislante Scott33 o similar autofundente | C92: UN. | D92: 18900
A93: 83 | B93: Cinta de marcación colores | C93: UN. | D93: 1510
A94: 84 | B94: Cinta de enmascarar 40 m | C94: Roll | D94: 8613
A95: 85 | B95: Cinta Aislante Scott33 o similar (autofundente) | C95: UN. | D95: 23100
A96: 86 | B96: Cinta de fibra x 150 m | C96: Roll | D96: =42900/2 -> 21450
A97: 87 | B97: Clavija En Caucho Soporte Metálico | C97: UN | D97: 12900
A98: 88 | B98: Codo bajante 90° amazon | C98: UN. | D98: 9143
A99: 89 | B99: Codo pvc-p 1/2" 90° | C99: UN. | D99: 779
A100: 90 | B100: Codo pvc-p 1" 90° | C100: UN. | D100: 2450
A101: 91 | B101: Codo pvc-p 2" 90° | C101: UN. | D101: 14430
A102: 92 | B102: Codo pvc-p 3" 90° | C102: UN. | D102: 53920
A103: 93 | B103: Codo pvc-p 4" 90° | C103: UN. | D103: 116600
A104: 94 | B104: Codo pvc-p 6" 90° | C104: UN. | D104: 188699
A105: 95 | B105: Codo pvc-s 2" 90° | C105: UN. | D105: 4031
A106: 96 | B106: Codo pvc-s 3" 90° | C106: UN. | D106: 9340
A107: 97 | B107: Codo pvc-s 4" 90° | C107: UN. | D107: 16190
A108: 98 | B108: Collar de derivación de 2" a 1/2" | C108: UN. | D108: 10490
... A161: 151 | B161: Lámina PVC 5.95mts | C161: M2 | D161: 63100
A162: 152 | B162: Lamina Cielo Raso de PVC 3.48mt2 Color Blanco 4 Laminas de 2.9mt x 30cm x 7cm de espesor | C162: =+C161 -> M2 | D162: 24000
A163: 153 | B163: Lampara LED Redondo 1008 Lúmenes 12w Luz Blanca 6500K Blanco | C163: UN. | D163: 36000
A164: 154 | B164: Lampara fluorescente 2*48 encendido rapido | C164: UN. | D164: 80000
A165: 155 | B165: Lampara fluorescente 2*54 encendido rapido | C165: UN. | D165: 83500
A166: 156 | B166: Lampara metal halide 400 w - 220 v Luz blanca | C166: UN. | D166: 149500
A167: 157 | B167: Lavamanos Happy de Colgar Blanco | C167: UN. | D167: 85900
A168: 158 | B168: Lavaplatos Sobreponer 100x50 cm Acero Inoxidable | C168: UN. | D168: 147900
A169: 159 | B169: Largero 2x4 fino | C169: UN. | D169: 18000
A170: 160 | B170: Larguero 4x4 madera fina | C170: UN. | D170: 36000
A171: 161 | B171: Lechada | C171: KG | D171: 5950
A172: 162 | B172: Lija | C172: UN. | D172: 1250
A173: 163 | B173: Limo | C173: UN | D173: 35000
A174: 164 | B174: Limpiador remov. para pvc (760gr) pavco | C174: Gal | D174: 38400
... A176: 166 | B176: Lockers (1,80x0,30x0,30) en lamina | C176: UN. | D176: 489000
A177: 167 | B177: Loseta guia tactil de 0.4 x 0.4 x 0.06 m | C177: =+C176 -> UN. | D177: 74900
A178: 168 | B178: Lubricante | C178: Lb. | D178: 28099
A179: 169 | B179: Malla eslabonada Metal 2-1/4 x 2-1/4 2.5mm | C179: M2 | D179: 19193.3
A180: 170 | B180: Malla electrosoldada 15X15Cm 4.0Mm (Xx-084) 6X2.35M | C180: M2 | D180: 9500
A181: 171 | B181: Malla mosquitero metálica con marco metálico | C181: M2 | D181: 135000
A182: 172 | B182: Malla nylon calb. N° 3 huecos de 13 cm aprox | C182: M2 | D182: 6500
A183: 173 | B183: Manguera agrominera de 1" | C183: Ml | D183: 1650
...
